Workbook
Name BoxPlot: "BoxPlot"
Name Bubble: "Bubble"
Name Candlestick: "Candlestick"
Name Chart: "Chart"
Name ChartImage: "ChartImage"
Name ColumnRange: "ColumnRange"
Name Dumbbell: "Dumbbell"
Name Heatmap: "Heatmap"
Name Histogram: "Histogram"
Name Map: "Map"
Name OHLC: "OHLC"
Name PieChart: "PieChart"
Name Scatter: "Scatter"
Name Series: "Series"
Name Stripe: "Stripe"
Name Table: "Table"
Name TreeMap: "TreeMap"
Name Waterfall: "Waterfall"

Sheet October 2026 WEO Chapter 1
I3: 46308
B5: International Monetary Fund
B6: World Economic Outlook
B21: October 2026
B22: Chapter 1. Global Prospects and Policies
B24: This includes numbers underlying the figures in the chapter 1 of the October 2026 World Economic Outlook (WEO). When reusing the contents of this file, please refer the source as
B25: IMF, World Economic Outlook, October 2026.
B26: Further information on copyright and usage can be found at www.imf.org/external/terms.htm
B28: Disclaimer: Should there be any discrepancies with the print version, the latter represents the official version.
G30: Please submit any questions specific to this file using | H30: WEO Data Question Form.
B31: Full October 2026 WEO database is available in IMF Data Portal
B32: WEO database on IMF Data Portal
B33: Questions while using the Portal including API should be addressed to
B34: datahelp@imf.org

Sheet Table of Contents
B5: International Monetary Fund
B6: World Economic Outlook
B9: ='October 2026 WEO Chapter 1'!B22:J22 -> Chapter 1. Global Prospects and Policies
B11: Table of Contents
B13: Figures
B14: ='Figure 1.1.'!J2 -> Figure 1.1. Diverging Forces Are Shaping the Economy
B15: ='Figure 1.2.'!J2 -> Figure 1.2. WEO Forecast versus Actual Outturn
B16: ='Figure 1.3.'!J2 -> Figure 1.3. Resilience to the Energy Shock
B17: ='Figure 1.4.'!J2 -> Figure 1.4. Corporate Talk about Resilience and Adaptation
B18: ='Figure 1.5.'!J2 -> Figure 1.5. AI Trade: Boom, Concentration, and Magnitude
B19: ='Figure 1.6.'!J2 -> Figure 1.6. Value-Added Spillovers from Technology Exports from Korea and Taiwan Province of China
B20: ='Figure 1.7.'!J2 -> Figure 1.7. Decomposition of Inflation Drivers
B21: ='Figure 1.8.'!J2 -> Figure 1.8. Fiscal Policy
B22: ='Figure 1.9.'!J2 -> Figure 1.9. Global Assumptions
B23: ='Figure 1.10.'!J2 -> Figure 1.10. Current Account and International Investment Positions
B24: ='Figure 1.11.'!J2 -> Figure 1.11. Medium-Term Scarring
B25: ='Figure 1.12.'!J2 -> Figure 1.12. AI Preparedness versus Energy Mix
B26: ='Figure 1.13.'!J2 -> Figure 1.13. Sovereign-Bank Nexus in Emerging Market and Developing Economies
B27: ='Figure 1.14.'!J2 -> Figure 1.14. Duration and Targeting of Fiscal and Price-Based Policy Responses
B28: ='Figure 1.1.1.'!J2 -> Figure 1.1.1. Export Reconfiguration
B29: ='Figure 1.1.2'!J2 -> Figure 1.1.2. Trade Reconfiguration by Destination Regions and Selected Sectors
B30: ='Figure 1.2.1.'!J2 -> Figure 1.2.1. Forecast Uncertainty around Global Growth and Inflation Projections
B31: ='Figure 1.2.2.'!J2 -> Figure 1.2.2. Impact of Scenarios on the Level of GDP
B32: ='Figure 1.2.3.'!J2 -> Figure 1.2.3. Impact of Scenarios on the Other Key Macroeconomic Variables
B33: ='Figure 1.SF.1.'!J2 -> Figure 1.SF.1. Commodity Market Developments
B34: ='Figure 1.SF.2.'!J2 -> Figure 1.SF.2. Impulse Respone from Four-variable High-frequency VAR
B35: ='Figure 1.SF.3.'!M2 -> Figure 1.SF.3. Local Projections of Oil and Gas Shocks on the Consumer Price Index and Unemployment
B36: ='Figure 1.SF.4.'!J2 -> Figure 1.SF.4. Front Month Price Decompositions around Selected Episodes

Sheet Figure 1.1.
I1: Back to Table of Contents
J2: Figure 1.1. Diverging Forces Are Shaping the Economy
J3: (Percent of GDP)
J5: 1. Revised upward | K5: Absolute contribution to | O5: 2. Revised downward | P5: Absolute contribution to | T5: 3. Revised downward, Hormuz | U5: Absolute contribution to
J6: ISO Code | K6: the world cumulative growth revision | L6: 2024 net energy exports | M6: 2025 AI tech cycle exposure | O6: ISO Code | P6: the world cumulative growth revision | Q6: 2024 net energy exports | R6: 2025 AI tech cycle exposure | T6: ISO Code | U6: the world cumulative growth revision | V6: 2024 net energy exports | W6: 2025 AI tech cycle exposure
J7: TWN | K7: 0.108 | L7: -6.18 | M7: 12.408 | O7: TUR | P7: 0.039 | Q7: -1.583 | R7: -0.153 | T7: IRN | U7: 0.062 | V7: 0.22 | W7: -0.126
J8: IND | K8: 0.107 | L8: -4.255 | M8: -0.772 | O8: PHL | P8: 0.022 | Q8: -3.851 | R8: 2.301 | T8: SAU | U8: 0.05 | V8: 18.962 | W8: -0.168
J9: VNM | K9: 0.042 | L9: -2.674 | M9: 1.602 | O9: FRA | P9: 0.022 | Q9: -2.433 | R9: -0.103 | T9: ARE | U9: 0.029 | V9: 30.121 | W9: -0.494
J10: KOR | K10: 0.036 | L10: -5.76 | M10: 4.079 | O10: CHN | P10: 0.018 | Q10: -2.388 | R10: -1.041 | T10: QAT | U10: 0.026 | V10: 35.242 | W10: -0.147
J11: USA | K11: 0.029 | L11: 0.311 | M11: -0.641 | O11: ARG | P11: 0.018 | Q11: 0.756 | R11: -0.079 | T11: IRQ | U11: 0.025 | V11: 44.665 | W11: -0.035
J12: MYS | K12: 0.009 | L12: 9.197 | M12: 6.896 | O12: UKR | P12: 0.016 | Q12: -4.162 | R12: -0.24 | T12: KWT | U12: 0.011 | V12: 36.108 | W12: 0
J13: UZB | K13: 0.006 | L13: -2.094 | M13: -0.038 | O13: IRL | P13: 0.011 | Q13: -1.315 | R13: 0.03 | T13: BHR | U13: 0.003 | V13: 12.575 | W13: -0.174
J14: AGO | K14: 0.006 | L14: 34.589 | M14: -0.046 | O14: ROU | P14: 0.011 | Q14: -1.363 | R14: -0.292
J15: BRA | K15: 0.005 | L15: 1.07 | M15: -0.286 | O15: CAN | P15: 0.008 | Q15: 4.948 | R15: -0.26
J16: ISR | K16: 0.005 | L16: 0.46 | M16: 0.266 | O16: AUS | P16: 0.008 | Q16: 4.431 | R16: -0.349
J17: DNK | K17: 0.005 | L17: -0.69 | M17: -0.181 | O17: GBR | P17: 0.007 | Q17: -1.175 | R17: -0.191
J18: THA | K18: 0.004 | L18: -7.407 | M18: 2.842 | O18: MEX | P18: 0.005 | Q18: 0.13 | R18: 1.818
J19: JPN | K19: 0.004 | L19: -3.892 | M19: 0.334 | O19: CHL | P19: 0.004 | Q19: -4.286 | R19: -0.174
J20: SWE | K20: 0.004 | L20: -1.425 | M20: -0.272 | O20: DEU | P20: 0.003 | Q20: -1.607 | R20: -0.106
J21: KAZ | K21: 0.003 | L21: 14.088 | M21: -0.233 | O21: EGY | P21: 0.003 | Q21: -2.299 | R21: -0.112
J22: IDN | K22: 0.003 | L22: 1.694 | M22: -0.265 | O22: POL | P22: 0.003 | Q22: -2.451 | R22: -0.718
J23: CHE | K23: 0.003 | L23: -0.752 | M23: -0.113 | O23: ETH | P23: 0.003 | Q23: -0.172 | R23: -0.497
J24: PER | K24: 0.002 | L24: -1.488 | M24: -0.122 | O24: ZAF | P24: 0.003 | Q24: -2.26 | R24: -0.274
J25: NLD | K25: 0.002 | L25: -2.377 | M25: 1.527 | O25: NPL | P25: 0.003 | Q25: -4.861 | R25: -0.06
... J39: TUN | K39: 0.001 | L39: -5.736 | M39: -0.294 | O39: MOZ | P39: 0.001 | Q39: 22.9 | R39: -0.072
O40: BGR | P40: 0.001 | Q40: -0.852 | R40: 0.046
O41: CIV | P41: 0.001 | Q41: -1.88 | R41: -0.026
O42: NOR | P42: 0.001 | Q42: 21.815 | R42: -0.432
O43: TZA | P43: 0.001 | Q43: -2.702 | R43: -0.058
O44: AZE | P44: 0.001 | Q44: 27.794 | R44: -0.086
O45: MAR | P45: 0.001 | Q45: -7.078 | R45: -0.107
O46: CZE | P46: 0.001 | Q46: -2.57 | R46: 0.386
O47: URY | P47: 0.001 | Q47: -1.682 | R47: -0.073
O48: LUX | P48: 0.001 | Q48: -2.226 | R48: -0.123
O49: KHM | P49: 0.001 | Q49: -7.846 | R49: 0.076
O50: HRV | P50: 0.001 | Q50: -4.854 | R50: -0.159

Sheet Figure 1.2.
I1: Back to Table of Contents
J2: Figure 1.2. WEO Forecast versus Actual Outturn
J3: (Percentage points, positive = better than expected)
J7: Year | K7: Forecast Errors
J8: 2009 | K8: -3.605
J9: 2010 | K9: 2.008
J10: 2011 | K10: -0.387
J11: 2012 | K11: -0.82
J12: 2013 | K12: -0.341
J13: 2014 | K13: -0.159
J14: 2015 | K14: -0.651
J15: 2016 | K15: -0.349
J16: 2017 | K16: 0.296
J17: 2018 | K17: -0.1
J18: 2019 | K18: -0.858
J19: 2020 | K19: -6.525
... J24: 2025 | K24: 0.26

Sheet Figure 1.3.
I1: Back to Table of Contents
J2: Figure 1.3. Resilience to the Energy Shock
J4: 1. Energy and Oil Intensity of World GDP | N4: 2. World Electricity Generation by Source | T4: 3. Estimated Impact of Oil Supply Shock on 2026 World GDP Growth
J5: (Index, 2024 = 100, based on megajoules per GDP; thousands of British thermal units per GDP) | N5: (Index, 2010 = 100) | T5: (Percentage points)
K7: Final oil consumption per USD PPP GDP | L7: Primary energy per real PPP GDP | O7: Total | P7: Fossil fuels | Q7: Nuclear | R7: Renewables | T7: Closure of Strait of Hormuz | U7: Flexible supply response | V7: Reduced oil intensity over time
J8: 1980 | K8: 248.673 | L8: 6.972 | N8: 1980 | O8: 37.98 | P8: 39.101 | Q8: 25.974 | R8: 41.666 | T8: -0.895 | U8: 0.48 | V8: 0.149
J9: 1981 | K9: 235.031 | L9: 6.701 | N9: 1981 | O9: 38.244 | P9: 38.659 | Q9: 29.551 | R9: 42.279
J10: 1982 | K10: 228.234 | L10: 6.63 | N10: 1982 | O10: 39.107 | P10: 38.922 | Q10: 32.904 | R10: 43.557
J11: 1983 | K11: 221.513 | L11: 6.506 | N11: 1983 | O11: 40.714 | P11: 39.903 | Q11: 37.288 | R11: 45.572
J12: 1984 | K12: 215.786 | L12: 6.482 | N12: 1984 | O12: 43.037 | P12: 41.366 | Q12: 45.461 | R12: 47.174
J13: 1985 | K13: 210.019 | L13: 6.387 | N13: 1985 | O13: 44.831 | P13: 42.281 | Q13: 54.138 | R13: 47.666
J14: 1986 | K14: 209.227 | L14: 6.302 | N14: 1986 | O14: 45.761 | P14: 42.702 | Q14: 57.641 | R14: 48.736
J15: 1987 | K15: 206.954 | L15: 6.265 | N15: 1987 | O15: 47.845 | P15: 44.768 | Q15: 62.823 | R15: 48.971
J16: 1988 | K16: 204.865 | L16: 6.214 | N16: 1988 | O16: 49.902 | P16: 46.273 | Q16: 68.166 | R16: 50.848
J17: 1989 | K17: 199.852 | L17: 6.097 | N17: 1989 | O17: 52.402 | P17: 49.349 | Q17: 70.005 | R17: 51.742
J18: 1990 | K18: 191.635 | L18: 5.406 | N18: 1990 | O18: 53.577 | P18: 49.962 | Q18: 72.493 | R18: 54.124
J19: 1991 | K19: 189.364 | L19: 5.192 | N19: 1991 | O19: 54.716 | P19: 50.68 | Q19: 75.825 | R19: 55.294
J20: 1992 | K20: 187.38 | L20: 5.045 | N20: 1992 | O20: 55.108 | P20: 50.989 | Q20: 76.549 | R20: 55.727
... J52: 2024 | K52: 100 | L52: 3.087 | N52: 2024 | O52: 145.26 | P52: 126.101 | Q52: 103.802 | R52: 236.518

Sheet Figure 1.4.
I1: Back to Table of Contents
J2: Figure 1.4. Corporate Talk about Resilience and Adaptation
J3: (Index, three-quarter moving average)
J8: 1. Advanced Economies | Q8: 2. Emerging Market and Developing Economies | X8: Grayed Areas
K9: Financing | L9: Organizational | M9: Cost | N9: Geopolitical | O9: Supply chains | R9: Financing | S9: Organizational | T9: Cost | U9: Geopolitical | V9: Supply chains
J10: 2019Q1 | K10: 2.389 | L10: 2.309 | M10: 0.702 | N10: 0.292 | O10: 0.361 | Q10: 2019Q1 | R10: 1.75 | S10: 1.921 | T10: 0.6 | U10: 0.187 | V10: 0.216 | X10: 2019Q1 | Y10: 0
J11: 2019Q2 | K11: 2.373 | L11: 2.322 | M11: 0.658 | N11: 0.3 | O11: 0.359 | Q11: 2019Q2 | R11: 1.906 | S11: 1.915 | T11: 0.612 | U11: 0.192 | V11: 0.21 | X11: 2019Q2 | Y11: 0
J12: 2019Q3 | K12: 2.408 | L12: 2.356 | M12: 0.626 | N12: 0.305 | O12: 0.364 | Q12: 2019Q3 | R12: 1.84 | S12: 2.02 | T12: 0.651 | U12: 0.247 | V12: 0.22 | X12: 2019Q3 | Y12: 0
J13: 2019Q4 | K13: 2.316 | L13: 2.3 | M13: 0.593 | N13: 0.336 | O13: 0.349 | Q13: 2019Q4 | R13: 1.934 | S13: 1.991 | T13: 0.568 | U13: 0.321 | V13: 0.245 | X13: 2019Q4 | Y13: 0
J14: 2020Q1 | K14: 2.521 | L14: 2.362 | M14: 0.603 | N14: 0.313 | O14: 0.417 | Q14: 2020Q1 | R14: 1.891 | S14: 2.001 | T14: 0.575 | U14: 0.313 | V14: 0.269 | X14: 2020Q1 | Y14: 1
J15: 2020Q2 | K15: 2.951 | L15: 2.516 | M15: 0.568 | N15: 0.218 | O15: 0.575 | Q15: 2020Q2 | R15: 2.537 | S15: 2.163 | T15: 0.502 | U15: 0.256 | V15: 0.454 | X15: 2020Q2 | Y15: 1
J16: 2020Q3 | K16: 3.373 | L16: 2.665 | M16: 0.618 | N16: 0.145 | O16: 0.711 | Q16: 2020Q3 | R16: 2.878 | S16: 2.476 | T16: 0.523 | U16: 0.176 | V16: 0.609 | X16: 2020Q3 | Y16: 1
J17: 2020Q4 | K17: 3.443 | L17: 2.732 | M17: 0.624 | N17: 0.109 | O17: 0.713 | Q17: 2020Q4 | R17: 3.042 | S17: 2.525 | T17: 0.465 | U17: 0.159 | V17: 0.706 | X17: 2020Q4 | Y17: 1
J18: 2021Q1 | K18: 3.148 | L18: 2.652 | M18: 0.656 | N18: 0.095 | O18: 0.622 | Q18: 2021Q1 | R18: 2.653 | S18: 2.324 | T18: 0.514 | U18: 0.184 | V18: 0.57 | X18: 2021Q1 | Y18: 1
J19: 2021Q2 | K19: 2.716 | L19: 2.575 | M19: 0.616 | N19: 0.08 | O19: 0.591 | Q19: 2021Q2 | R19: 2.488 | S19: 2.266 | T19: 0.556 | U19: 0.18 | V19: 0.503 | X19: 2021Q2 | Y19: 1
J20: 2021Q3 | K20: 2.505 | L20: 2.449 | M20: 0.704 | N20: 0.072 | O20: 0.707 | Q20: 2021Q3 | R20: 2.31 | S20: 2.312 | T20: 0.702 | U20: 0.176 | V20: 0.457 | X20: 2021Q3 | Y20: 1
J21: 2021Q4 | K21: 2.334 | L21: 2.351 | M21: 0.864 | N21: 0.069 | O21: 0.961 | Q21: 2021Q4 | R21: 2.145 | S21: 2.386 | T21: 0.952 | U21: 0.133 | V21: 0.566 | X21: 2021Q4 | Y21: 0
... J39: 2026Q2 | K39: 3.786 | L39: 3.402 | M39: 0.997 | N39: 0.926 | O39: 0.783 | Q39: 2026Q2 | R39: 2.85 | S39: 3.146 | T39: 1.196 | U39: 0.783 | V39: 0.881 | X39: 2026Q2 | Y39: 1

Sheet Figure 1.5.
I1: Back to Table of Contents
J2: Figure 1.5. AI Trade: Boom, Concentration, and Magnitude
J5: 1. AI Hardware Trade | Q5: 2. Concentrated Supply Chain
J6: (Index, 2019 = 100; Percent) | Q6: (Cumulative share, percent)
K8: Nominal value index | L8: Weight index | M8: Unit value index | N8: Net exports as percent of global GDP | P8: Ranking | Q8: ISO codes | R8: Cumulative Net exports Share | T8: Ranking | U8: ISO Codes | V8: Cumulative Net imports Share
J9: 2019Q1 | K9: 93.42 | L9: 90.457 | M9: 103.107 | N9: 0.179 | P9: 1 | Q9: TWN | R9: 33.68 | T9: 1 | U9: CHN | V9: 39.674
J10: 2019Q2 | K10: 96.656 | L10: 96.724 | M10: 99.767 | N10: 0.193 | P10: 2 | Q10: KOR | R10: 56.073 | T10: 2 | U10: USA | V10: 77.975
J11: 2019Q3 | K11: 102.504 | L11: 101.844 | M11: 100.485 | N11: 0.212 | P11: 3 | Q11: MYS | R11: 66.174 | T11: 3 | U11: IND | V11: 84.267
J12: 2019Q4 | K12: 107.421 | L12: 110.975 | M12: 96.641 | N12: 0.241 | P12: 4 | Q12: MEX | R12: 76.184 | T12: 4 | U12: POL | V12: 85.712
J13: 2020Q1 | K13: 94.782 | L13: 84.512 | M13: 111.969 | N13: 0.206 | P13: 5 | Q13: NLD | R13: 82.568 | T13: 5 | U13: GBR | V13: 87.138
J14: 2020Q2 | K14: 102.097 | L14: 101.879 | M14: 100.051 | N14: 0.217 | P14: 6 | Q14: THA | R14: 87.676 | T14: 6 | U14: BRA | V14: 88.405
J15: 2020Q3 | K15: 110.043 | L15: 103.71 | M15: 105.935 | N15: 0.235 | P15: 7 | Q15: JPN | R15: 91.844 | T15: 7 | U15: AUS | V15: 89.657
J16: 2020Q4 | K16: 119.263 | L16: 110.791 | M16: 107.472 | N16: 0.237 | P16: 8 | Q16: PHL | R16: 95.317 | T16: 8 | U16: CAN | V16: 90.799
J17: 2021Q1 | K17: 114.511 | L17: 103.635 | M17: 110.316 | N17: 0.197 | P17: 9 | Q17: VNM | R17: 97.791 | T17: 9 | U17: DEU | V17: 91.686
J18: 2021Q2 | K18: 125.609 | L18: 104.632 | M18: 119.854 | N18: 0.23 | P18: 10 | Q18: CRI | R18: 98.345 | T18: 10 | U18: IDN | V18: 92.442
J19: 2021Q3 | K19: 141.304 | L19: 105.584 | M19: 133.614 | N19: 0.235 | P19: 11 | Q19: ISR | R19: 98.855 | T19: 11 | U19: FRA | V19: 93.142
J20: 2021Q4 | K20: 148.725 | L20: 115.243 | M20: 128.845 | N20: 0.234 | P20: 12 | Q20: CZE | R20: 99.323 | T20: 12 | U20: ESP | V20: 93.751
... J23: 2022Q3 | K23: 134.478 | L23: 103.254 | M23: 130.029 | N23: 0.188 | P23: 15 | Q23: IRL | R23: 99.911 | T23: 15 | U23: TUR | V23: 95.312
J24: 2022Q4 | K24: 125.886 | L24: 97.206 | M24: 129.295 | N24: 0.164
J25: 2023Q1 | K25: 104.976 | L25: 87.384 | M25: 119.938 | N25: 0.114
J26: 2023Q2 | K26: 111.041 | L26: 94.885 | M26: 116.838 | N26: 0.142
J27: 2023Q3 | K27: 127.897 | L27: 104.397 | M27: 122.313 | N27: 0.159
J28: 2023Q4 | K28: 137.672 | L28: 100.929 | M28: 136.184 | N28: 0.199
J29: 2024Q1 | K29: 136.537 | L29: 94.857 | M29: 143.706 | N29: 0.176
J30: 2024Q2 | K30: 146.192 | L30: 105.491 | M30: 138.358 | N30: 0.205
J31: 2024Q3 | K31: 159.282 | L31: 109.463 | M31: 145.277 | N31: 0.214
J32: 2024Q4 | K32: 166.601 | L32: 111.399 | M32: 149.311 | N32: 0.237
J33: 2025Q1 | K33: 166.676 | L33: 107.514 | M33: 154.777 | N33: 0.217
J34: 2025Q2 | K34: 202.769 | L34: 121.947 | M34: 166.008 | N34: 0.248
J35: 2025Q3 | K35: 226.239 | L35: 132.5 | M35: 170.47 | N35: 0.277
... J37: 2026Q1 | K37: 316.424 | L37: 126.643 | M37: 249.452 | N37: 0.392

Sheet Figure 1.6.
I1: Back to Table of Contents
J2: Figure 1.6. Value-Added Spillovers from Technology Exports from Korea and Taiwan Province of China
J3: (Percent of domestic value added)
K5: Energy | L5: Other commodity | M5: Manufacturing | N5: Services and other
J6: United Arab Emirates | K6: 0.082 | L6: 0.011 | M6: 0.017 | N6: 0.028
J7: Saudi Arabia | K7: 0.089 | L7: 0.001 | M7: 0.019 | N7: 0.016
J8: Australia | K8: 0.051 | L8: 0.015 | M8: 0.004 | N8: 0.023
J9: Brunei Darussalam | K9: 0.052 | L9: 0.011 | M9: 0.022 | N9: 0.008
J10: Indonesia | K10: 0.022 | L10: 0.005 | M10: 0.014 | N10: 0.019
J11: Kazakhstan | K11: 0.032 | L11: 0.004 | M11: 0.006 | N11: 0.018
J12: DR Congo | K12: 0 | L12: 0.05 | M12: 0.001 | N12: 0.015
J13: Chile | K13: 0.001 | L13: 0.031 | M13: 0.008 | N13: 0.016
J14: Lao PDR | K14: 0.009 | L14: 0.016 | M14: 0.002 | N14: 0.009
J15: Peru | K15: 0.007 | L15: 0.019 | M15: 0.013 | N15: 0.01
J16: Singapore | K16: 0.002 | L16: 0 | M16: 0.172 | N16: 0.229
J17: Vietnam | K17: 0.005 | L17: 0.012 | M17: 0.131 | N17: 0.048
... J25: C&S America | K25: 0.004 | L25: 0.005 | M25: 0.005 | N25: 0.008

Sheet Figure 1.7.
I1: Back to Table of Contents
J2: Figure 1.7. Decomposition of Inflation Drivers
J3: (Percentage points; three-month annualized inflation; deviation from December 2019)
J5: 1. United States | S5: 2. Euro Area | AB5: 3. United Kingdom
K7: Underlying (core) inflation | L7: Headline inflation | M7: Headline inflation shocks | N7: Long-term expectations | O7: Labor market tightness | P7: Pass-through effects | Q7: Residual | T7: Underlying (core) inflation | U7: Headline inflation | V7: Headline inflation shocks | W7: Long-term expectations | X7: Labor market tightness | Y7: Pass-through effects | Z7: Residual | AC7: Underlying (core) inflation | AD7: Headline inflation | AE7: Headline inflation shocks | AF7: Long-term expectations | AG7: Labor market tightness | AH7: Pass-through effects | AI7: Residual
J8: 2020M1 | K8: 0.179 | L8: 0.324 | M8: 0.145 | N8: 0 | O8: -0.001 | P8: -0.005 | Q8: 0.185 | S8: 2020M1 | T8: -0.075 | U8: 0.049 | V8: 0.123 | W8: 0.002 | X8: -0.002 | Y8: 0.046 | Z8: -0.121 | AB8: 2020M1 | AC8: -0.044 | AD8: 0.596 | AE8: 0.64 | AF8: -0.029 | AG8: 0 | AH8: -0.063 | AI8: 0.047
J9: 2020M2 | K9: 0.242 | L9: 0.066 | M9: -0.176 | N9: 0 | O9: -0.001 | P9: -0.009 | Q9: 0.252 | S9: 2020M2 | T9: -0.284 | U9: 0.064 | V9: 0.349 | W9: 0.004 | X9: -0.008 | Y9: 0.107 | Z9: -0.387 | AB9: 2020M2 | AC9: -0.046 | AD9: 1.269 | AE9: 1.315 | AF9: -0.057 | AG9: 0.001 | AH9: -0.075 | AI9: 0.085
J10: 2020M3 | K10: 0.351 | L10: -1.389 | M10: -1.741 | N10: -0.002 | O10: -0.004 | P10: -0.01 | Q10: 0.367 | S10: 2020M3 | T10: -0.615 | U10: -0.561 | V10: 0.054 | W10: 0.005 | X10: -0.011 | Y10: 0.126 | Z10: -0.734 | AB10: 2020M3 | AC10: 0.094 | AD10: 1.854 | AE10: 1.76 | AF10: -0.064 | AG10: 0 | AH10: -0.048 | AI10: 0.206
J11: 2020M4 | K11: 0.197 | L11: -4.009 | M11: -4.206 | N11: -0.009 | O11: -0.028 | P11: -0.014 | Q11: 0.248 | S11: 2020M4 | T11: -0.709 | U11: -1.507 | V11: -0.797 | W11: 0.008 | X11: -0.011 | Y11: 0.067 | Z11: -0.773 | AB11: 2020M4 | AC11: -0.131 | AD11: 0.681 | AE11: 0.812 | AF11: -0.039 | AG11: -0.001 | AH11: -0.092 | AI11: 0.001
J12: 2020M5 | K12: 0.088 | L12: -6.443 | M12: -6.531 | N12: -0.022 | O12: -0.088 | P12: -0.027 | Q12: 0.225 | S12: 2020M5 | T12: -0.767 | U12: -2.493 | V12: -1.726 | W12: 0.01 | X12: -0.013 | Y12: -0.05 | Z12: -0.714 | AB12: 2020M5 | AC12: -0.785 | AD12: -1.093 | AE12: -0.308 | AF12: 0.009 | AG12: -0.003 | AH12: -0.208 | AI12: -0.584
J13: 2020M6 | K13: -0.195 | L13: -6.686 | M13: -6.491 | N13: -0.042 | O13: -0.182 | P13: -0.044 | Q13: 0.073 | S13: 2020M6 | T13: -0.732 | U13: -2.413 | V13: -1.681 | W13: 0.007 | X13: -0.019 | Y13: -0.157 | Z13: -0.562 | AB13: 2020M6 | AC13: -1.556 | AD13: -2.355 | AE13: -0.799 | AF13: 0.061 | AG13: -0.005 | AH13: -0.366 | AI13: -1.246
J14: 2020M7 | K14: -0.179 | L14: -3.953 | M14: -3.774 | N14: -0.067 | O14: -0.286 | P14: -0.047 | Q14: 0.222 | S14: 2020M7 | T14: -0.965 | U14: -1.572 | V14: -0.607 | W14: -0.009 | X14: -0.037 | Y14: -0.2 | Z14: -0.719 | AB14: 2020M7 | AC14: -1.05 | AD14: -1.083 | AE14: -0.033 | AF14: 0.097 | AG14: -0.008 | AH14: -0.471 | AI14: -0.668
J15: 2020M8 | K15: -0.196 | L15: -0.322 | M15: -0.126 | N15: -0.099 | O15: -0.382 | P15: -0.029 | Q15: 0.314 | S15: 2020M8 | T15: -1.025 | U15: -0.822 | V15: 0.203 | W15: -0.035 | X15: -0.062 | Y15: -0.199 | Z15: -0.729 | AB15: 2020M8 | AC15: -0.124 | AD15: 0.267 | AE15: 0.391 | AF15: 0.11 | AG15: -0.014 | AH15: -0.552 | AI15: 0.332
J16: 2020M9 | K16: -0.167 | L16: 1.812 | M16: 1.979 | N16: -0.126 | O16: -0.465 | P16: -0.008 | Q16: 0.432 | S16: 2020M9 | T16: -1.146 | U16: -1.117 | V16: 0.03 | W16: -0.062 | X16: -0.096 | Y16: -0.196 | Z16: -0.793 | AB16: 2020M9 | AC16: 1.179 | AD16: 1.573 | AE16: 0.394 | AF16: 0.101 | AG16: -0.025 | AH16: -0.618 | AI16: 1.721
J17: 2020M10 | K17: -0.456 | L17: 1.609 | M17: 2.065 | N17: -0.14 | O17: -0.54 | P17: 0.005 | Q17: 0.22 | S17: 2020M10 | T17: -0.926 | U17: -1.866 | V17: -0.94 | W17: -0.073 | X17: -0.132 | Y17: -0.231 | Z17: -0.491 | AB17: 2020M10 | AC17: 0.817 | AD17: 0.339 | AE17: -0.478 | AF17: 0.079 | AG17: -0.044 | AH17: -0.693 | AI17: 1.474
J18: 2020M11 | K18: -0.841 | L18: 0.568 | M18: 1.409 | N18: -0.133 | O18: -0.612 | P18: 0.006 | Q18: -0.101 | S18: 2020M11 | T18: -0.773 | U18: -1.785 | V18: -1.012 | W18: -0.062 | X18: -0.168 | Y18: -0.263 | Z18: -0.279 | AB18: 2020M11 | AC18: 0.282 | AD18: 0.304 | AE18: 0.023 | AF18: 0.056 | AG18: -0.073 | AH18: -0.71 | AI18: 1.009
J19: 2020M12 | K19: -1.113 | L19: 0.078 | M19: 1.19 | N19: -0.11 | O19: -0.682 | P19: 0.005 | Q19: -0.325 | S19: 2020M12 | T19: -0.547 | U19: -0.986 | V19: -0.439 | W19: -0.036 | X19: -0.201 | Y19: -0.279 | Z19: -0.031 | AB19: 2020M12 | AC19: -0.266 | AD19: -0.147 | AE19: 0.119 | AF19: 0.041 | AG19: -0.111 | AH19: -0.703 | AI19: 0.507
... J86: 2026M7 | K86: 0.635 | L86: 0.93 | M86: 0.294 | N86: 0.17 | O86: -0.366 | P86: 0.173 | Q86: 0.658 | S86: 2026M7 | T86: 0.717 | U86: 3.01 | V86: 2.293 | W86: 0.305 | X86: -0.138 | Y86: 0.768 | Z86: -0.218 | AB86: 2026M7 | AC86: -0.156 | AD86: 2.251 | AE86: 2.406 | AF86: 0.03 | AG86: -0.228 | AH86: 0.161 | AI86: -0.119

Sheet Figure 1.8.
I1: Back to Table of Contents
J2: Figure 1.8. Fiscal Policy
J4: 1. Global Public Debt | M4: 2. Primary Balance | T4: 3. Real Long-Term Interest Rates | Z4: 4. 2025 Debt Maturity and Short-Maturity Debt Financing
J5: (Percent of GDP) | M5: (Percent of GDP) | T5: (Percent) | Z5: (Percent)
K7: Global Public Debt | N7: Primary Lending/Borrowing (% of NGDP) | R7: Debt-stabilizing primary balance | U7: United States | V7: United Kingdom | W7: Japan | X7: Euro area | AA7: Share of t–bill issuance in gross borrowing (percent) | AB7: Average term–to–maturity of outsdanding debt (years) | AC7: Refinancing requirements as a share of GDP (percent)
J8: 1886 | K8: 32.984 | N8: 2015–19 | O8: 2020–25 | P8: 2026 (projected) | R8: 2026 (DSPB) | T8: 2015Q1 | U8: -0.272 | V8: -0.453 | W8: -1.183 | X8: -0.866 | Z8: USA | AA8: 57.597 | AB8: 5.9 | AC8: 30.778
J9: 1887 | K9: 32.015 | M9: CHN | N9: -3.164 | O9: -6.513 | P9: -6.951 | R9: -1.094 | T9: 2015Q2 | U9: 0.01 | V9: -0.168 | W9: -1.204 | X9: -0.619 | Z9: GBR | AA9: 20.32 | AB9: 13.5 | AC9: 8.738
J10: 1888 | K10: 30.85 | M10: USA | N10: -2.695 | O10: -5.812 | P10: -4.767 | R10: -2.693 | T10: 2015Q3 | U10: -0.093 | V10: -0.171 | W10: -1.135 | X10: -0.289 | Z10: FRA | AA10: 36.653 | AB10: 8.5 | AC10: 14.229
J11: 1889 | K11: 28.644 | M11: DEU | N11: 2.143 | O11: -2.266 | P11: -3.399 | R11: -1.404 | T11: 2015Q4 | U11: -0.134 | V11: -0.135 | W11: -1.075 | X11: -0.734 | Z11: DEU | AA11: 26.502 | AB11: 7.6 | AC11: 5.477
J12: 1890 | K12: 24.618 | M12: FRA | N12: -1.409 | O12: -4.393 | P12: -2.791 | R12: 0.204 | T12: 2016Q1 | U12: -0.358 | V12: -0.474 | W12: -1.293 | X12: -0.942 | Z12: ITA | AA12: 26.598 | AB12: 6.9 | AC12: 16.778
J13: 1891 | K13: 26.512 | M13: IND | N13: -2.324 | O13: -4.045 | P13: -2.316 | R13: -3.147 | T13: 2016Q2 | U13: -0.512 | V13: -0.584 | W13: -1.421 | X13: -1.041 | Z13: JPN | AA13: 23.113 | AB13: 9.4 | AC13: 24.563
J14: 1892 | K14: 25.927 | M14: GBR | N14: -1.378 | O14: -4.771 | P14: -1.449 | R14: -1.031 | T14: 2016Q3 | U14: -0.679 | V14: -1.152 | W14: -1.398 | X14: -1.28
J15: 1893 | K15: 26.509 | M15: BRA | N15: -1.087 | O15: -1.138 | P15: -0.319 | R15: 3.382 | T15: 2016Q4 | U15: -0.09 | V15: -0.74 | W15: -1.298 | X15: -0.795
J16: 1894 | K16: 27.008 | M16: ITA | N16: 1.388 | O16: -3.134 | P16: 0.951 | R16: 1.722 | T16: 2017Q1 | U16: 0.162 | V16: -0.775 | W16: -1.246 | X16: -0.492
J17: 1895 | K17: 24.909 | T17: 2017Q2 | U17: -0.067 | V17: -1.036 | W17: -1.292 | X17: -0.735
J18: 1896 | K18: 25.304 | T18: 2017Q3 | U18: 0.015 | V18: -0.843 | W18: -1.217 | X18: -0.782
J19: 1897 | K19: 24.138 | T19: 2017Q4 | U19: 0.138 | V19: -0.777 | W19: -1.222 | X19: -0.9
J20: 1898 | K20: 23.889 | T20: 2018Q1 | U20: 0.575 | V20: -0.616 | W20: -1.163 | X20: -0.758
J21: 1899 | K21: 23.401 | T21: 2018Q2 | U21: 0.696 | V21: -0.629 | W21: -1.192 | X21: -0.727
J22: 1900 | K22: 20.378 | T22: 2018Q3 | U22: 0.814 | V22: -0.703 | W22: -0.903 | X22: -0.662
J23: 1901 | K23: 21.462 | T23: 2018Q4 | U23: 0.855 | V23: -0.696 | W23: -1.16 | X23: -0.45
J24: 1902 | K24: 22.289 | T24: 2019Q1 | U24: 0.554 | V24: -0.93 | W24: -1.209 | X24: -0.831
J25: 1903 | K25: 21.231 | T25: 2019Q2 | U25: 0.192 | V25: -1.029 | W25: -1.222 | X25: -1.091
J26: 1904 | K26: 21.165 | T26: 2019Q3 | U26: -0.358 | V26: -1.456 | W26: -1.304 | X26: -1.674
J27: 1905 | K27: 19.986 | T27: 2019Q4 | U27: -0.367 | V27: -1.412 | W27: -1.023 | X27: -1.618
J28: 1906 | K28: 18.299 | T28: 2020Q1 | U28: -0.844 | V28: -1.435 | W28: -0.903 | X28: -1.606
... J53: 1931 | K53: 52.197 | T53: 2026Q2 | U53: 2.106 | V53: 2.697 | W53: 0.858 | X53: 1.493
J54: 1932 | K54: 64.133
J55: 1933 | K55: 69.928
J56: 1934 | K56: 68.674
J57: 1935 | K57: 62.388
J58: 1936 | K58: 61.456
J59: 1937 | K59: 57.75
J60: 1938 | K60: 58.83
J61: 1939 | K61: 60.278
J62: 1940 | K62: 52.865
J63: 1941 | K63: 54.189
J64: 1942 | K64: 61.408
J65: 1943 | K65: 80.822
... J148: 2026 | K148: 93.801

Sheet Figure 1.9.
I1: Back to Table of Contents
J2: Figure 1.9. Global Assumptions
J4: 1. Commodity Prices | U4: 2. Policy Rates of Major Economies | AD4: 3. Structural Primary Balance Change
J5: (Index, 2024:Q4 = 100) | U5: (Percent, quarterly average) | AD5: (Percentage point change from previous year)
K7: October 2026 WEO | P7: April 2026 WEO | V7: October 2026 WEO | Z7: April 2026 WEO | AF7: Change in (Structural Primary Balance / GDP)
K8: Energy | L8: Food | M8: Base metals | N8: Precious metals | P8: Energy | Q8: Food | R8: Base metals | S8: Precious metals | V8: United States | W8: Euro area | X8: Japan | Z8: United States | AA8: Euro area | AB8: Japan | AD8: Advanced Economies | AE8: 2025 | AF8: 0.01
J9: 2024Q4 | K9: 100 | L9: 100 | M9: 100 | N9: 100 | P9: 100 | Q9: 100 | R9: 100 | S9: 100 | U9: 2024Q4 | V9: 4.694 | W9: 3.27 | X9: 0.227 | Z9: 4.694 | AA9: 3.27 | AB9: 0.227 | AE9: =AE8+1 -> 2026 | AF9: -0.03
J10: 2025Q1 | K10: 102.393 | L10: 99.569 | M10: 100.575 | N10: 106.916 | P10: 102.393 | Q10: 99.569 | R10: 100.575 | S10: 106.916 | U10: 2025Q1 | V10: 4.375 | W10: 2.75 | X10: 0.416 | Z10: 4.375 | AA10: 2.75 | AB10: 0.416 | AE10: =AE9+1 -> 2027 | AF10: 0.293
J11: 2025Q2 | K11: 90.398 | L11: 95.458 | M11: 97.11 | N11: 121.986 | P11: 90.398 | Q11: 95.458 | R11: 97.11 | S11: 121.986 | U11: 2025Q2 | V11: 4.375 | W11: 2.167 | X11: 0.477 | Z11: 4.375 | AA11: 2.167 | AB11: 0.477 | AE11: =AE10+1 -> 2028 | AF11: 0.196
J12: 2025Q3 | K12: 90.485 | L12: 94.518 | M12: 101.804 | N12: 129.727 | P12: 90.485 | Q12: 94.518 | R12: 101.804 | S12: 129.727 | U12: 2025Q3 | V12: 4.341 | W12: 2 | X12: 0.477 | Z12: 4.341 | AA12: 2 | AB12: 0.477 | AE12: =AE11+1 -> 2029 | AF12: 0.235
J13: 2025Q4 | K13: 84.843 | L13: 93.269 | M13: 111.283 | N13: 157.18 | P13: 84.843 | Q13: 93.269 | R13: 111.283 | S13: 157.18 | U13: 2025Q4 | V13: 3.897 | W13: 2 | X13: 0.504 | Z13: 3.897 | AA13: 2 | AB13: 0.504 | AE13: =AE12+1 -> 2030 | AF13: 0.161
J14: 2026Q1 | K14: 104.39 | L14: 100.048 | M14: 120.924 | N14: 187.78 | P14: 95.77 | Q14: 99.21 | R14: 120.322 | S14: 192.469 | U14: 2026Q1 | V14: 3.625 | W14: 2 | X14: 0.728 | Z14: 3.625 | AA14: 2 | AB14: 0.729
J15: 2026Q2 | K15: 124.138 | L15: 101.86 | M15: 126.235 | N15: 172.891 | P15: 119.103 | Q15: 103.613 | R15: 122.875 | S15: 202.22 | U15: 2026Q2 | V15: 3.625 | W15: 2.083 | X15: 0.765 | Z15: 3.583 | AA15: 2 | AB15: 0.839 | AD15: Emerging Market and | AE15: 2025 | AF15: -0.288
J16: 2026Q3 | K16: 137.646 | L16: 99.834 | M16: 124.932 | N16: 168.823 | P16: 113.831 | Q16: 102.171 | R16: 122.706 | S16: 204.53 | U16: 2026Q3 | V16: 3.667 | W16: 2.333 | X16: 0.999 | Z16: 3.375 | AA16: 2 | AB16: 0.983 | AD16: Developing Economies | AE16: =AE15+1 -> 2026 | AF16: 0.263
J17: 2026Q4 | K17: 149.452 | L17: 100.357 | M17: 128.433 | N17: 177.51 | P17: 109.357 | Q17: 100.746 | R17: 122.566 | S17: 206.607 | U17: 2026Q4 | V17: 3.917 | W17: 2.583 | X17: 1.225 | Z17: 3.375 | AA17: 2 | AB17: 1.109 | AE17: =AE16+1 -> 2027 | AF17: 0.05
J18: 2027Q1 | K18: 137.315 | L18: 103.272 | M18: 128.18 | N18: 179.608 | P18: 106.595 | Q18: 102.845 | R18: 122.304 | S18: 208.511 | U18: 2027Q1 | V18: 4.125 | W18: 2.833 | X18: 1.35 | Z18: 3.375 | AA18: 2 | AB18: 1.24 | AE18: =AE17+1 -> 2028 | AF18: 0.183
J19: 2027Q2 | K19: 120.855 | L19: 104.595 | M19: 128.09 | N19: 181.666 | P19: 100.025 | Q19: 103.362 | R19: 122.01 | S19: 210.218 | U19: 2027Q2 | V19: 4.125 | W19: 3 | X19: 1.5 | Z19: 3.375 | AA19: 2 | AB19: 1.37 | AE19: =AE18+1 -> 2029 | AF19: 0.201
J20: 2027Q3 | K20: 115.704 | L20: 103.028 | M20: 127.914 | N20: 183.751 | P20: 99.125 | Q20: 101.519 | R20: 121.754 | S20: 211.888 | U20: 2027Q3 | V20: 4.125 | W20: 3 | X20: 1.5 | Z20: 3.25 | AA20: 2 | AB20: 1.5 | AE20: =AE19+1 -> 2030 | AF20: 0.148
J21: 2027Q4 | K21: 113.76 | L21: 100.84 | M21: 127.696 | N21: 185.746 | P21: 99.373 | Q21: 100.687 | R21: 121.42 | S21: 213.518 | U21: 2027Q4 | V21: 4.125 | W21: 3 | X21: 1.5 | Z21: 3.125 | AA21: 2 | AB21: 1.5
U22: 2028Q1 | V22: 4.125 | W22: 2.917 | X22: 1.5 | Z22: 3.125 | AA22: 2 | AB22: 1.5
U23: 2028Q2 | V23: 4.125 | W23: 2.667 | X23: 1.5 | Z23: 3.125 | AA23: 2 | AB23: 1.5
U24: 2028Q3 | V24: 4.125 | W24: 2.417 | X24: 1.5 | Z24: 3.125 | AA24: 2 | AB24: 1.5
U25: 2028Q4 | V25: 4.083 | W25: 2.25 | X25: 1.5 | Z25: 3.125 | AA25: 2 | AB25: 1.5
U26: 2029Q1 | V26: 3.875 | W26: 2.25 | X26: 1.5 | Z26: 3.083 | AA26: 2 | AB26: 1.5
U27: 2029Q2 | V27: 3.875 | W27: 2.25 | X27: 1.5 | Z27: 2.875 | AA27: 2 | AB27: 1.5
U28: 2029Q3 | V28: 3.875 | W28: 2.167 | X28: 1.5 | Z28: 2.875 | AA28: 2 | AB28: 1.5
U29: 2029Q4 | V29: 3.833 | W29: 2 | X29: 1.5 | Z29: 2.875 | AA29: 2 | AB29: 1.5

Sheet Figure 1.10.
I1: Back to Table of Contents
J2: Figure 1.10. Current Account and International Investment Positions
J3: (Percent of global GDP)
J5: 1. Global Current Account Balance | AM5: 2. Global International Investment Position
K7: 2005 | L7: 2006 | M7: 2007 | N7: 2008 | O7: 2009 | P7: 2010 | Q7: 2011 | R7: 2012 | S7: 2013 | T7: 2014 | U7: 2015 | V7: 2016 | W7: 2017 | X7: 2018 | Y7: 2019 | Z7: 2020 | AA7: 2021 | AB7: 2022 | AC7: 2023 | AD7: 2024 | AE7: 2025 | AF7: 2026 | AG7: 2027 | AH7: 2028 | AI7: 2029 | AJ7: 2030 | AK7: 2031 | AN7: 2005 | AO7: 2006 | AP7: 2007 | AQ7: 2008 | AR7: 2009 | AS7: 2010 | AT7: 2011 | AU7: 2012 | AV7: 2013 | AW7: 2014 | AX7: 2015 | AY7: 2016 | AZ7: 2017 | BA7: 2018 | BB7: 2019 | BC7: 2020 | BD7: 2021 | BE7: 2022 | BF7: 2023 | BG7: 2024 | BH7: 2025 | BI7: 2026 | BJ7: 2027 | BK7: 2028 | BL7: 2029 | BM7: 2030 | BN7: 2031
J8: European creditors | K8: 0.647 | L8: 0.738 | M8: 0.7 | N8: 0.516 | O8: 0.53 | P8: 0.576 | Q8: 0.537 | R8: 0.661 | S8: 0.691 | T8: 0.727 | U8: 0.648 | V8: 0.695 | W8: 0.646 | X8: 0.686 | Y8: 0.631 | Z8: 0.544 | AA8: 0.703 | AB8: 0.488 | AC8: 0.557 | AD8: 0.598 | AE8: 0.51 | AF8: 0.54 | AG8: 0.505 | AH8: 0.491 | AI8: 0.475 | AJ8: 0.47 | AK8: 0.457 | AM8: European creditors | AN8: 1.347 | AO8: 1.271 | AP8: 1.047 | AQ8: 1.31 | AR8: 2.006 | AS8: 2.229 | AT8: 2.328 | AU8: 2.439 | AV8: 2.535 | AW8: 3.087 | AX8: 3.32 | AY8: 4.118 | AZ8: 4.855 | BA8: 5.118 | BB8: 5.819 | BC8: 7.2 | BD8: 6.939 | BE8: 6.211 | BF8: 6.776 | BG8: 7.996 | BH8: 8.46 | BI8: 8.359 | BJ8: 8.327 | BK8: 8.322 | BL8: 8.339 | BM8: 8.383 | BN8: 8.434
J9: China | K9: 0.275 | L9: 0.444 | M9: 0.599 | N9: 0.65 | O9: 0.397 | P9: 0.354 | Q9: 0.182 | R9: 0.284 | S9: 0.19 | T9: 0.294 | U9: 0.386 | V9: 0.248 | W9: 0.23 | X9: 0.028 | Y9: 0.102 | Z9: 0.26 | AA9: 0.302 | AB9: 0.393 | AC9: 0.239 | AD9: 0.41 | AE9: 0.611 | AF9: 0.674 | AG9: 0.662 | AH9: 0.673 | AI9: 0.653 | AJ9: 0.64 | AK9: 0.613 | AM9: Japan | AN9: 3.164 | AO9: 3.52 | AP9: 3.784 | AQ9: 3.821 | AR9: 4.884 | AS9: 4.567 | AT9: 4.576 | AU9: 4.715 | AV9: 4.028 | AW9: 3.662 | AX9: 3.536 | AY9: 3.76 | AZ9: 3.551 | BA9: 3.479 | BB9: 3.697 | BC9: 4.023 | BD9: 3.733 | BE9: 3.019 | BF9: 3.041 | BG9: 3.153 | BH9: 3.041 | BI9: 2.96 | BJ9: 2.953 | BK9: 2.941 | BL9: 2.934 | BM9: 2.93 | BN9: 2.927
J10: Japan | K10: 0.353 | L10: 0.334 | M10: 0.36 | N10: 0.22 | O10: 0.237 | P10: 0.329 | Q10: 0.174 | R10: 0.079 | S10: 0.059 | T10: 0.046 | U10: 0.18 | V10: 0.256 | W10: 0.248 | X10: 0.204 | Y10: 0.199 | Z10: 0.174 | AA10: 0.199 | AB10: 0.088 | AC10: 0.147 | AD10: 0.172 | AE10: 0.183 | AF10: 0.156 | AG10: 0.141 | AH10: 0.136 | AI10: 0.136 | AJ10: 0.132 | AK10: 0.13 | AM10: China | AN10: 0.742 | AO10: 0.994 | AP10: 1.616 | AQ10: 2.151 | AR10: 2.127 | AS10: 2.21 | AT10: 2.058 | AU10: 2.209 | AV10: 2.325 | AW10: 2.004 | AX10: 2.239 | AY10: 2.572 | AZ10: 2.516 | BA10: 2.417 | BB10: 2.599 | BC10: 2.655 | BD10: 2.219 | BE10: 2.357 | BF10: 2.656 | BG10: 2.84 | BH10: 3.436 | BI10: 3.844 | BJ10: 4.295 | BK10: 4.768 | BL10: 5.202 | BM10: 5.606 | BN10: 5.968
J11: Oil exporters | K11: 0.711 | L11: 0.785 | M11: 0.603 | N11: 0.762 | O11: 0.252 | P11: 0.439 | Q11: 0.763 | R11: 0.707 | S11: 0.575 | T11: 0.394 | U11: -0.035 | V11: -0.044 | W11: 0.101 | X11: 0.337 | Y11: 0.135 | Z11: -0.055 | AA11: 0.288 | AB11: 0.636 | AC11: 0.243 | AD11: 0.225 | AE11: 0.127 | AF11: 0.135 | AG11: 0.168 | AH11: 0.144 | AI11: 0.118 | AJ11: 0.101 | AK11: 0.086 | AM11: Oil exporters | AN11: 0.002 | AO11: 0.173 | AP11: 0.636 | AQ11: 1.533 | AR11: 1.332 | AS11: 1.191 | AT11: 1.452 | AU11: 1.531 | AV11: 1.573 | AW11: 1.788 | AX11: 1.712 | AY11: 1.376 | AZ11: 1.358 | BA11: 1.37 | BB11: 1.317 | BC11: 1.402 | BD11: 1.174 | BE11: 1.488 | BF11: 1.512 | BG11: 1.575 | BH11: 1.6 | BI11: 1.587 | BJ11: 1.597 | BK11: 1.595 | BL11: 1.577 | BM11: 1.542 | BN11: 1.494
J12: United States | K12: -1.528 | L12: -1.54 | M12: -1.224 | N12: -1.045 | O12: -0.592 | P12: -0.615 | Q12: -0.582 | R12: -0.52 | S12: -0.412 | T12: -0.436 | U12: -0.515 | V12: -0.492 | W12: -0.425 | X12: -0.481 | Y12: -0.457 | Z12: -0.685 | AA12: -0.868 | AB12: -0.946 | AC12: -0.868 | AD12: -1.071 | AE12: -0.993 | AF12: -0.986 | AG12: -0.976 | AH12: -0.911 | AI12: -0.887 | AJ12: -0.862 | AK12: -0.856 | AM12: United States | AN12: -3.86 | AO12: -3.465 | AP12: -2.17 | AQ12: -6.171 | AR12: -4.284 | AS12: -3.739 | AT12: -5.973 | AU12: -6.016 | AV12: -6.961 | AW12: -8.737 | AX12: -10.003 | AY12: -10.7 | AZ12: -9.539 | BA12: -11.235 | BB12: -13.188 | BC12: -13.811 | BD12: -15.588 | BE12: -13.848 | BF12: -15.955 | BG12: -19.774 | BH12: -18.461 | BI12: -17.436 | BJ12: -17.498 | BK12: -17.63 | BL12: -17.737 | BM12: -17.82 | BN12: -17.905
J13: European debtors | K13: -0.268 | L13: -0.337 | M13: -0.383 | N13: -0.383 | O13: -0.218 | P13: -0.165 | Q13: -0.117 | R13: -0.021 | S13: 0.041 | T13: 0.033 | U13: 0.054 | V13: 0.043 | W13: 0.046 | X13: 0.043 | Y13: -0.066 | Z13: -0.045 | AA13: 0.058 | AB13: 0.023 | AC13: 0.067 | AD13: 0.132 | AE13: 0.086 | AF13: 0.065 | AG13: 0.06 | AH13: 0.061 | AI13: 0.057 | AJ13: 0.055 | AK13: 0.054 | AM13: Euro area debtors | AN13: -2.209 | AO13: -2.65 | AP13: -3.261 | AQ13: -3.069 | AR13: -3.827 | AS13: -3.06 | AT13: -2.804 | AU13: -2.769 | AV13: -2.986 | AW13: -2.816 | AX13: -2.842 | AY13: -2.621 | AZ13: -2.888 | BA13: -2.721 | BB13: -2.664 | BC13: -2.924 | BD13: -2.25 | BE13: -1.947 | BF13: -1.872 | BG13: -1.547 | BH13: -1.545 | BI13: -1.34 | BJ13: -1.215 | BK13: -1.111 | BL13: -1.02 | BM13: -0.936 | BN13: -0.859
J14: Others | K14: -0.068 | L14: -0.081 | M14: -0.284 | N14: -0.548 | O14: -0.296 | P14: -0.427 | Q14: -0.484 | R14: -0.69 | S14: -0.579 | T14: -0.505 | U14: -0.436 | V14: -0.311 | W14: -0.264 | X14: -0.364 | Y14: -0.073 | Z14: 0.102 | AA14: 0.075 | AB14: -0.292 | AC14: -0.109 | AD14: -0.029 | AE14: 0 | AF14: 0.098 | AG14: 0.173 | AH14: 0.174 | AI14: 0.113 | AJ14: 0.08 | AK14: -0.018 | AM14: Others | AN14: 0.107 | AO14: -3.191 | AP14: -4.409 | AQ14: -1.936 | AR14: -5.185 | AS14: -5.495 | AT14: -4.77 | AU14: -6.175 | AV14: -5.156 | AW14: -4.808 | AX14: -2.894 | AY14: -1.846 | AZ14: -2.261 | BA14: -2.103 | BB14: -1.76 | BC14: -0.161 | BD14: 0.216 | BE14: -0.304 | BF14: -0.592 | BG14: 1.255 | BH14: 0.866 | BI14: 0.799 | BJ14: 1.007 | BK14: 1.167 | BL14: 1.332 | BM14: 1.428 | BN14: 1.454
J15: Overall balance | K15: 4.801 | L15: 5.432 | M15: 5.298 | N15: 5.124 | O15: 3.493 | P15: 3.893 | Q15: 3.779 | R15: 3.729 | S15: 3.331 | T15: 3.308 | U15: 3.44 | V15: 3.167 | W15: 2.926 | X15: 3.043 | Y15: 2.698 | Z15: 2.941 | AA15: 3.402 | AB15: 3.867 | AC15: 3.013 | AD15: 3.675 | AE15: 3.768 | AF15: 4.111 | AG15: 3.93 | AH15: 3.79 | AI15: 3.605 | AJ15: 3.49 | AK15: 3.353

Sheet Figure 1.11.
I1: Back to Table of Contents
J2: Figure 1.11. Medium-Term Scarring
J3: (Percentage point deviation from cumulative growth in January 2026 WEO Update)
L7: Revisions of Cumulative Growth Contributions
K8: 2025 | L8: 2026 | M8: 2027 | N8: 2028 | O8: 2029 | P8: 2030
J9: Top four AI hardware exporters | K9: 0.062 | L9: 0.213 | M9: 0.264 | N9: 0.289 | O9: 0.307 | P9: 0.327
J10: MENA | K10: -0.003 | L10: -0.341 | M10: -0.223 | N10: -0.179 | O10: -0.164 | P10: -0.169
J11: AE energy exporters | K11: 0.036 | L11: 0.016 | M11: 0.058 | N11: 0.05 | O11: 0.048 | P11: 0.048
J12: AE energy importers | K12: -0.005 | L12: -0.011 | M12: -0.034 | N12: -0.026 | O12: -0.024 | P12: -0.026
J13: EMDE energy exporters | K13: 0.015 | L13: 0.024 | M13: 0.004 | N13: 0.008 | O13: 0.003 | P13: 0.016
J14: EMDE energy importers | K14: 0.023 | L14: -0.033 | M14: -0.07 | N14: -0.085 | O14: -0.129 | P14: -0.173
J15: India | K15: 0.021 | L15: 0.078 | M15: 0.138 | N15: 0.203 | O15: 0.273 | P15: 0.351
J16: Total | K16: 0.148 | L16: -0.055 | M16: 0.138 | N16: 0.26 | O16: 0.315 | P16: 0.374

Sheet Figure 1.12.
I1: Back to Table of Contents
J2: Figure 1.12. AI Preparedness versus Energy Mix
J6: ISO Code | K6: AI Preparedness Index | L6: Non-fossil energy as share of total energy supply (percent)
J7: AGO | K7: 0.26 | L7: 53.081
J8: ALB | K8: 0.527 | L8: 47.222
J9: ARE | K9: 0.628 | L9: 12.201
J10: ARG | K10: 0.474 | L10: 14.768
J11: ARM | K11: 0.493 | L11: 28.144
J12: AUS | K12: 0.727 | L12: 9.711
J13: AUT | K13: 0.725 | L13: 39.049
J14: AZE | K14: 0.471 | L14: 2.097
J15: BEL | K15: 0.672 | L15: 27.233
J16: BEN | K16: 0.363 | L16: 57.506
J17: BFA | K17: 0.312 | L17: 69.706
J18: BGD | K18: 0.384 | L18: 15.915
... J149: ZWE | K149: 0.305 | L149: 39.863

Sheet Figure 1.13.
I1: Back to Table of Contents
J2: Figure 1.13. Sovereign-Bank Nexus in Emerging Market and Developing Economies
J4: 1. Banks' Average Holdings of Government Securities | P4: 2. Correlations between Banks' Bond Holdings and Lending to Private Sector
J5: (Percent of total assets) | P5: (Percentage points)
K7: 2000–04 | L7: 2010–14 | M7: 2015–19 | N7: 2020–24 | R7: Coefficient | S7: Lower bound | T7: Upper bound
J8: EMMIEs | K8: 13.526 | L8: 13.499 | M8: 13.728 | N8: 16.885 | P8: EMMIEs | Q8: Low debt | R8: -0.003 | S8: -0.007 | T8: 0.001
J9: LIDCs | K9: 14.08 | L9: 15.9 | M9: 17.456 | N9: 20.376 | Q9: High debt | R9: -0.273 | S9: -0.349 | T9: -0.196
P10: LIDCs | Q10: Low debt | R10: -0.307 | S10: -0.343 | T10: -0.271
Q11: High debt | R11: -0.344 | S11: -0.51 | T11: -0.179

Sheet Figure 1.14.
I1: Back to Table of Contents
J2: Figure 1.14. Duration and Targeting of Fiscal and Price-Based Policy Responses
J3: (Percent)
L5: Targeted–Permanent | M5: Targeted–Temporary | N5: Untargeted–Permanent | O5: Untargeted–Temporary
J6: AEs | K6: Low severity | L6: 4 | M6: 42.667 | N6: 1.333 | O6: 52
K7: High severity | L7: 4.478 | M7: 47.761 | N7: 11.94 | O7: 35.821
J8: EMs | K8: Low severity | L8: 2.326 | M8: 22.093 | N8: 4.651 | O8: 70.93
K9: High severity | L9: 1.205 | M9: 28.916 | N9: 6.024 | O9: 63.855
J10: LIDCs | K10: Low severity | L10: 4.545 | M10: 13.636 | N10: 13.636 | O10: 68.182
K11: High severity | L11: 2.273 | M11: 13.636 | N11: 4.545 | O11: 79.545

Sheet Figure 1.1.1.
I1: Back to Table of Contents
J2: Figure 1.1.1. Export Reconfiguration
J4: 1. Exports from China and US | P4: 2. Share of Trade at Risk Reconfigured
J5: (Percentage point deviation) | P5: (Percent)
J8: Period | K8: China to US | L8: China to ROW | M8: US to China | N8: US to ROW | Q8: China | R8: United States
J9: -14 | K9: 0.153 | L9: 0.428 | M9: 0.008 | N9: 0.262 | P9: Above preshock level | Q9: 52.147 | R9: 17
J10: -13 | K10: 0.067 | L10: 0.674 | M10: -0.02 | N10: -0.128 | P10: Above year-earlier level | Q10: 38.526 | R10: 7
J11: -12 | K11: 0.142 | L11: 0.518 | M11: 0.011 | N11: 0.031
J12: -11 | K12: -0.056 | L12: -0.389 | M12: -0.033 | N12: -0.379
J13: -10 | K13: -0.118 | L13: -0.675 | M13: -0.091 | N13: -0.123
J14: -9 | K14: -0.124 | L14: -0.543 | M14: -0.043 | N14: -0.078
J15: -8 | K15: -0.097 | L15: -0.355 | M15: 0.034 | N15: -0.002
J16: -7 | K16: -0.062 | L16: -0.293 | M16: 0.049 | N16: 0.262
J17: -6 | K17: -0.059 | L17: -0.067 | M17: 0.125 | N17: 0.316
J18: -5 | K18: -0.084 | L18: -0.366 | M18: 0.109 | N18: 0.086
J19: -4 | K19: -0.047 | L19: 0.095 | M19: 0.007 | N19: -0.074
J20: -3 | K20: -0.019 | L20: 0.141 | M20: -0.041 | N20: 0.16
J21: -2 | K21: 0.108 | L21: 0.447 | M21: -0.011 | N21: -0.263
J22: -1 | K22: 0.194 | L22: 0.386 | M22: -0.103 | N22: -0.069
... J38: 15 | K38: -3.998 | L38: 8.611 | M38: -1.6 | N38: 5.87

Sheet Figure 1.1.2
I1: Back to Table of Contents
J2: Figure 1.1.2. Trade Reconfiguration by Destination Regions and Selected Sectors
J4: 1. Destination Regions | O4: 2. Destination Regions and Selected Sectors
J5: (Percent) | O5: (Billions of US dollars)
K7: Top economy | L7: Others | M7: Share of imports | Q7: Electrical machinery | R7: Machinery | S7: Vehicles | T7: Special provisions | U7: Other
J8: Europe excluding EU | K8: 1.021 | L8: 0.086 | M8: 0.573 | O8: Sub-Saharan Africa | P8: 1H | Q8: 0.76 | R8: 1.385 | S8: 1.025 | T8: 0.097 | U8: 3.684
J9: Western Hemisphere | K9: 0.743 | L9: 1.179 | M9: 0.873 | P9: 2H | Q9: 1.528 | R9: 2.262 | S9: 1.573 | T9: 0.127 | U9: 3.583
J10: Sub-Saharan Africa | K10: 0.989 | L10: 2.881 | M10: 8.113 | O10: ASEAN | P10: 1H | Q10: 12.227 | R10: 3.732 | S10: 2.796 | T10: 5.099 | U10: -4.85
J11: Middle East and Central Asia | K11: 1.162 | L11: 3.789 | M11: 3.638 | P11: 2H | Q11: 17.017 | R11: 3.152 | S11: 2.331 | T11: 1.571 | U11: -2.315
J12: European Union | K12: 1.994 | L12: 5.284 | M12: 2.806 | O12: Other Asia and Pacific | P12: 1H | Q12: 11.167 | R12: 2.86 | S12: 0.657 | T12: 3.743 | U12: -7.141
J13: Other Asia and Pacific | K13: 4.502 | L13: 4.961 | M13: 2.714 | P13: 2H | Q13: 24.072 | R13: 1.74 | S13: 2.29 | T13: 2.147 | U13: -2.347
J14: ASEAN | K14: 4.742 | L14: 5.101 | M14: 4.812 | O14: European Union | P14: 1H | Q14: 3.052 | R14: 1.666 | S14: 0.721 | T14: 4.416 | U14: 4.146
P15: 2H | Q15: 7.019 | R15: 3.355 | S15: 2.522 | T15: 3.801 | U15: -0.558
O16: Europe excluding EU | P16: 1H | Q16: 0.358 | R16: 1.186 | S16: -0.97 | T16: 2.147 | U16: 0.849
P17: 2H | Q17: 0.487 | R17: -0.172 | S17: -0.023 | T17: 2.179 | U17: -1.457
O18: Middle East and Central Asia | P18: 1H | Q18: 2.583 | R18: 3.127 | S18: 2.197 | T18: 0.577 | U18: 2.245
P19: 2H | Q19: 2.808 | R19: 1.521 | S19: 5.419 | T19: -0.019 | U19: 0.044
O20: Western Hemisphere | P20: 1H | Q20: 0.215 | R20: 0.738 | S20: 0.508 | T20: 0.596 | U20: 2.518
P21: 2H | Q21: 1.34 | R21: 0.754 | S21: 2.272 | T21: 0.057 | U21: -1.04

Sheet Figure 1.2.1.
I1: Back to Table of Contents
J2: Figure 1.2.1. Forecast Uncertainty around Global Growth and Inflation Projections
J3: (Percent)
J5: 1. US GDP Growth | S5: 2. US Headline Inflation | AB5: 3. Global GDP Growth | AK5: 4. Global Headline Inflation
J8: Percentile | K8: 2025 | L8: 26 | M8: 27 | N8: 28 | O8: 29 | P8: 30 | Q8: 31 | S8: Percentile | T8: 2025 | U8: 26 | V8: 27 | W8: 28 | X8: 29 | Y8: 30 | Z8: 31 | AB8: Percentile | AC8: 2025 | AD8: 26 | AE8: 27 | AF8: 28 | AG8: 29 | AH8: 30 | AI8: 31 | AK8: Percentile | AL8: 2025 | AM8: 26 | AN8: 27 | AO8: 28 | AP8: 29 | AQ8: 30 | AR8: 31
J9: 95 | K9: 2.3 | L9: 3.3 | M9: 4.3 | N9: 4.2 | O9: 4.2 | P9: 4.2 | Q9: 4.2 | S9: 95 | T9: 2.7 | U9: 5.6 | V9: 6.7 | W9: 6 | X9: 5.7 | Y9: 5.8 | Z9: 5.8 | AB9: 95 | AC9: 3.5 | AD9: 3.7 | AE9: 4.9 | AF9: 4.9 | AG9: 4.8 | AH9: 4.7 | AI9: 4.8 | AK9: 95 | AL9: 4.1 | AM9: 6.7 | AN9: 8.5 | AO9: 7.9 | AP9: 7.7 | AQ9: 7.5 | AR9: 7.5
J10: 90 | K10: 2.3 | L10: 3.1 | M10: 3.9 | N10: 3.7 | O10: 3.7 | P10: 3.6 | Q10: 3.7 | S10: 90 | T10: 2.7 | U10: 5.4 | V10: 6 | W10: 5.3 | X10: 5.1 | Y10: 5.1 | Z10: 5.1 | AB10: 90 | AC10: 3.5 | AD10: 3.5 | AE10: 4.6 | AF10: 4.5 | AG10: 4.4 | AH10: 4.3 | AI10: 4.4 | AK10: 90 | AL10: 4.1 | AM10: 6.6 | AN10: 7.7 | AO10: 7.1 | AP10: 6.9 | AQ10: 6.7 | AR10: 6.7
J11: 85 | K11: 2.3 | L11: 2.9 | M11: 3.5 | N11: 3.4 | O11: 3.3 | P11: 3.3 | Q11: 3.3 | S11: 85 | T11: 2.7 | U11: 5.1 | V11: 5.5 | W11: 4.8 | X11: 4.5 | Y11: 4.5 | Z11: 4.6 | AB11: 85 | AC11: 3.5 | AD11: 3.4 | AE11: 4.3 | AF11: 4.2 | AG11: 4.2 | AH11: 4.1 | AI11: 4.1 | AK11: 85 | AL11: 4.1 | AM11: 6.4 | AN11: 7.1 | AO11: 6.5 | AP11: 6.2 | AQ11: 6.1 | AR11: 6.1
J12: 80 | K12: 2.3 | L12: 2.8 | M12: 3.2 | N12: 3.1 | O12: 3.1 | P12: 3 | Q12: 3.1 | S12: 80 | T12: 2.7 | U12: 4.8 | V12: 5 | W12: 4.3 | X12: 4 | Y12: 4 | Z12: 4.1 | AB12: 80 | AC12: 3.5 | AD12: 3.3 | AE12: 4.1 | AF12: 4 | AG12: 3.9 | AH12: 3.9 | AI12: 3.9 | AK12: 80 | AL12: 4.1 | AM12: 6.2 | AN12: 6.6 | AO12: 5.9 | AP12: 5.7 | AQ12: 5.6 | AR12: 5.5
J13: 75 | K13: 2.3 | L13: 2.6 | M13: 3 | N13: 2.9 | O13: 2.8 | P13: 2.8 | Q13: 2.8 | S13: 75 | T13: 2.7 | U13: 4.6 | V13: 4.5 | W13: 3.8 | X13: 3.5 | Y13: 3.6 | Z13: 3.6 | AB13: 75 | AC13: 3.5 | AD13: 3.2 | AE13: 3.9 | AF13: 3.8 | AG13: 3.8 | AH13: 3.7 | AI13: 3.7 | AK13: 75 | AL13: 4.1 | AM13: 5.9 | AN13: 6.1 | AO13: 5.5 | AP13: 5.2 | AQ13: 5.1 | AR13: 5
J14: 70 | K14: 2.3 | L14: 2.6 | M14: 2.8 | N14: 2.7 | O14: 2.6 | P14: 2.6 | Q14: 2.6 | S14: 70 | T14: 2.7 | U14: 4.4 | V14: 4.1 | W14: 3.4 | X14: 3.2 | Y14: 3.2 | Z14: 3.2 | AB14: 70 | AC14: 3.5 | AD14: 3.2 | AE14: 3.8 | AF14: 3.7 | AG14: 3.6 | AH14: 3.5 | AI14: 3.6 | AK14: 70 | AL14: 4.1 | AM14: 5.5 | AN14: 5.6 | AO14: 5 | AP14: 4.8 | AQ14: 4.6 | AR14: 4.6
J15: 65 | K15: 2.3 | L15: 2.5 | M15: 2.7 | N15: 2.5 | O15: 2.4 | P15: 2.4 | Q15: 2.4 | S15: 65 | T15: 2.7 | U15: 4.2 | V15: 3.8 | W15: 3.1 | X15: 2.8 | Y15: 2.9 | Z15: 2.9 | AB15: 65 | AC15: 3.5 | AD15: 3.1 | AE15: 3.7 | AF15: 3.5 | AG15: 3.5 | AH15: 3.4 | AI15: 3.4 | AK15: 65 | AL15: 4.1 | AM15: 5.2 | AN15: 5.2 | AO15: 4.6 | AP15: 4.4 | AQ15: 4.2 | AR15: 4.2
J16: 60 | K16: 2.3 | L16: 2.4 | M16: 2.5 | N16: 2.3 | O16: 2.2 | P16: 2.2 | Q16: 2.2 | S16: 60 | T16: 2.7 | U16: 4 | V16: 3.5 | W16: 2.8 | X16: 2.6 | Y16: 2.6 | Z16: 2.6 | AB16: 60 | AC16: 3.5 | AD16: 3 | AE16: 3.5 | AF16: 3.4 | AG16: 3.3 | AH16: 3.3 | AI16: 3.3 | AK16: 60 | AL16: 4.1 | AM16: 5 | AN16: 4.9 | AO16: 4.3 | AP16: 4 | AQ16: 3.9 | AR16: 3.9
J17: 55 | K17: 2.3 | L17: 2.3 | M17: 2.3 | N17: 2.1 | O17: 2 | P17: 2 | Q17: 2 | S17: 55 | T17: 2.7 | U17: 3.9 | V17: 3.2 | W17: 2.5 | X17: 2.3 | Y17: 2.3 | Z17: 2.3 | AB17: 55 | AC17: 3.5 | AD17: 3 | AE17: 3.4 | AF17: 3.3 | AG17: 3.2 | AH17: 3.1 | AI17: 3.2 | AK17: 55 | AL17: 4.1 | AM17: 4.9 | AN17: 4.6 | AO17: 4 | AP17: 3.7 | AQ17: 3.6 | AR17: 3.5
J18: WEO baseline projection | K18: 2.3 | L18: 2.3 | M18: 2.3 | N18: 2.1 | O18: 1.9 | P18: 1.8 | Q18: 1.8 | S18: WEO baseline projection | T18: 2.7 | U18: 3.6 | V18: 2.8 | W18: 2.1 | X18: 1.9 | Y18: 1.9 | Z18: 1.9 | AB18: WEO baseline projection | AC18: 3.5 | AD18: 3.1 | AE18: 3.4 | AF18: 3.3 | AG18: 3.2 | AH18: 3.1 | AI18: 3.1 | AK18: WEO baseline projection | AL18: 4.1 | AM18: 4.7 | AN18: 4.1 | AO18: 3.5 | AP18: 3.3 | AQ18: 3.2 | AR18: 3.1
J19: 45 | K19: 2.3 | L19: 2.2 | M19: 2 | N19: 1.7 | O19: 1.6 | P19: 1.6 | Q19: 1.6 | S19: 45 | T19: 2.7 | U19: 3.7 | V19: 2.8 | W19: 2.1 | X19: 1.8 | Y19: 1.8 | Z19: 1.9 | AB19: 45 | AC19: 3.5 | AD19: 2.9 | AE19: 3.2 | AF19: 3.1 | AG19: 3 | AH19: 2.9 | AI19: 2.9 | AK19: 45 | AL19: 4.1 | AM19: 4.7 | AN19: 4 | AO19: 3.3 | AP19: 3.1 | AQ19: 3 | AR19: 2.9
J20: 40 | K20: 2.3 | L20: 2.1 | M20: 1.8 | N20: 1.5 | O20: 1.3 | P20: 1.3 | Q20: 1.3 | S20: 40 | T20: 2.7 | U20: 3.6 | V20: 2.6 | W20: 1.8 | X20: 1.6 | Y20: 1.6 | Z20: 1.6 | AB20: 40 | AC20: 3.5 | AD20: 2.9 | AE20: 3.1 | AF20: 3 | AG20: 2.9 | AH20: 2.8 | AI20: 2.8 | AK20: 40 | AL20: 4.1 | AM20: 4.7 | AN20: 3.7 | AO20: 3 | AP20: 2.8 | AQ20: 2.6 | AR20: 2.6
J21: 35 | K21: 2.3 | L21: 1.9 | M21: 1.4 | N21: 1.1 | O21: 1 | P21: 1 | Q21: 1 | S21: 35 | T21: 2.7 | U21: 3.6 | V21: 2.3 | W21: 1.6 | X21: 1.4 | Y21: 1.3 | Z21: 1.4 | AB21: 35 | AC21: 3.5 | AD21: 2.8 | AE21: 3 | AF21: 2.9 | AG21: 2.8 | AH21: 2.7 | AI21: 2.7 | AK21: 35 | AL21: 4.1 | AM21: 4.6 | AN21: 3.4 | AO21: 2.7 | AP21: 2.5 | AQ21: 2.3 | AR21: 2.3
J22: 30 | K22: 2.3 | L22: 1.6 | M22: 0.9 | N22: 0.7 | O22: 0.6 | P22: 0.6 | Q22: 0.6 | S22: 30 | T22: 2.7 | U22: 3.5 | V22: 2.1 | W22: 1.4 | X22: 1.2 | Y22: 1.1 | Z22: 1.2 | AB22: 30 | AC22: 3.5 | AD22: 2.8 | AE22: 2.9 | AF22: 2.7 | AG22: 2.6 | AH22: 2.5 | AI22: 2.5 | AK22: 30 | AL22: 4.1 | AM22: 4.5 | AN22: 3.1 | AO22: 2.4 | AP22: 2.2 | AQ22: 2 | AR22: 1.9
J23: 25 | K23: 2.3 | L23: 1.3 | M23: 0.4 | N23: 0.3 | O23: 0.2 | P23: 0.2 | Q23: 0.2 | S23: 25 | T23: 2.7 | U23: 3.4 | V23: 1.9 | W23: 1.1 | X23: 0.9 | Y23: 0.9 | Z23: 0.9 | AB23: 25 | AC23: 3.5 | AD23: 2.7 | AE23: 2.7 | AF23: 2.6 | AG23: 2.5 | AH23: 2.4 | AI23: 2.4 | AK23: 25 | AL23: 4.1 | AM23: 4.4 | AN23: 2.7 | AO23: 2.1 | AP23: 1.8 | AQ23: 1.6 | AR23: 1.6
J24: 20 | K24: 2.3 | L24: 1.2 | M24: 0.1 | N24: -0.1 | O24: -0.1 | P24: -0.2 | Q24: -0.1 | S24: 20 | T24: 2.7 | U24: 3.3 | V24: 1.6 | W24: 0.9 | X24: 0.6 | Y24: 0.6 | Z24: 0.7 | AB24: 20 | AC24: 3.5 | AD24: 2.7 | AE24: 2.6 | AF24: 2.4 | AG24: 2.3 | AH24: 2.2 | AI24: 2.3 | AK24: 20 | AL24: 4.1 | AM24: 4.3 | AN24: 2.3 | AO24: 1.7 | AP24: 1.5 | AQ24: 1.2 | AR24: 1.2
J25: 15 | K25: 2.3 | L25: 1 | M25: -0.2 | N25: -0.4 | O25: -0.5 | P25: -0.5 | Q25: -0.5 | S25: 15 | T25: 2.7 | U25: 3.2 | V25: 1.3 | W25: 0.6 | X25: 0.3 | Y25: 0.3 | Z25: 0.4 | AB25: 15 | AC25: 3.5 | AD25: 2.6 | AE25: 2.4 | AF25: 2.2 | AG25: 2.1 | AH25: 2 | AI25: 2.1 | AK25: 15 | AL25: 4.1 | AM25: 4 | AN25: 1.9 | AO25: 1.3 | AP25: 1 | AQ25: 0.8 | AR25: 0.8
J26: 10 | K26: 2.3 | L26: 0.9 | M26: -0.5 | N26: -0.7 | O26: -0.8 | P26: -0.9 | Q26: -0.9 | S26: 10 | T26: 2.7 | U26: 3 | V26: 0.9 | W26: 0.2 | AB26: 10 | AC26: 3.5 | AD26: 2.5 | AE26: 2.2 | AF26: 1.9 | AG26: 1.9 | AH26: 1.7 | AI26: 1.8 | AK26: 10 | AL26: 4.1 | AM26: 3.8 | AN26: 1.3 | AO26: 0.7 | AP26: 0.5 | AQ26: 0.3 | AR26: 0.3
J27: 5 | K27: 2.3 | L27: 0.8 | M27: -0.9 | N27: -1.2 | O27: -1.3 | P27: -1.4 | Q27: -1.4 | S27: 5 | T27: 2.7 | U27: 2.6 | V27: 0.2 | AB27: 5 | AC27: 3.5 | AD27: 2.1 | AE27: 1.5 | AF27: 1.3 | AG27: 1.3 | AH27: 1.1 | AI27: 1.2 | AK27: 5 | AL27: 4.1 | AM27: 3.4 | AN27: 0.5

Sheet Figure 1.2.2.
I1: Back to Table of Contents
J2: Figure 1.2.2. Impact of Scenarios on the Level of GDP
J3: (Percent deviation from baseline)
J5: 1. World | S5: 2. United States | AB5: 3. Asia excluding China | AK5: 4. China and Rest of the World
K7: 2026 | L7: 27 | M7: 28 | N7: 29 | O7: 30 | P7: 31 | Q7: Long term | T7: 2026 | U7: 27 | V7: 28 | W7: 29 | X7: 30 | Y7: 31 | Z7: Long term | AC7: 2026 | AD7: 27 | AE7: 28 | AF7: 29 | AG7: 30 | AH7: 31 | AI7: Long term | AK7: China
J8: Scenario A | K8: 0 | L8: 0.2 | M8: 0.4 | N8: 0.6 | O8: 0.6 | P8: 0.6 | S8: Scenario A | T8: 0 | U8: 0.4 | V8: 0.7 | W8: 1 | X8: 1.1 | Y8: 1.3 | AB8: Scenario A | AC8: 0 | AD8: 0.3 | AE8: 0.5 | AF8: 0.7 | AG8: 0.5 | AH8: 0.5 | AL8: 2026 | AM8: 27 | AN8: 28 | AO8: 29 | AP8: 30 | AQ8: 31 | AR8: Long term
J9: Scenario B | K9: 0 | L9: 0.1 | M9: 0.1 | N9: 0.2 | O9: 0.2 | P9: 0.2 | S9: Scenario B | T9: 0 | U9: 0.1 | V9: 0.2 | W9: 0.5 | X9: 0.6 | Y9: 0.7 | AB9: Scenario B | AC9: 0 | AD9: 0.3 | AE9: 0.5 | AF9: 0.5 | AG9: 0.3 | AH9: 0.2 | AK9: Scenario A | AL9: 0 | AM9: 0.4 | AN9: 0.7 | AO9: 0.7 | AP9: 0.7 | AQ9: 0.7
J10: Scenario C | K10: 0 | L10: -1 | M10: -1.2 | N10: -0.8 | O10: -0.2 | P10: 0.1 | S10: Scenario C | T10: 0 | U10: -1.5 | V10: -1.8 | W10: -1.4 | X10: -0.8 | Y10: -0.5 | AB10: Scenario C | AC10: 0 | AD10: -1.4 | AE10: -1.7 | AF10: -1.1 | AG10: -0.2 | AH10: 0.3 | AK10: Scenario B | AL10: 0 | AM10: 0.1 | AN10: 0.2 | AO10: 0.2 | AP10: 0.3 | AQ10: 0.4
J11: Long-term scenario A/B | Q11: 0.9 | S11: Long-term scenario A/B | Z11: 1.3 | AB11: Long-term scenario A/B | AI11: 0.9 | AK11: Scenario C | AL11: 0 | AM11: -0.3 | AN11: -0.4 | AO11: -0.4 | AP11: -0.2 | AQ11: -0.2
AK12: Long-term scenario A/B | AR12: 1.1
AK14: Rest of the World
AL15: 2026 | AM15: 27 | AN15: 28 | AO15: 29 | AP15: 30 | AQ15: 31 | AR15: Long term
AK16: Scenario A | AL16: 0 | AM16: 0.2 | AN16: 0.3 | AO16: 0.4 | AP16: 0.4 | AQ16: 0.4
AK17: Scenario B | AL17: 0 | AM17: 0.1 | AN17: 0.1 | AO17: 0.2 | AP17: 0.1 | AQ17: 0.1
AK18: Scenario C | AL18: 0 | AM18: -1.1 | AN18: -1.3 | AO18: -0.8 | AP18: -0.1 | AQ18: 0.4
AK19: Long-term scenario A/B | AR19: 0.8

Sheet Figure 1.2.3.
I1: Back to Table of Contents
J2: Figure 1.2.3. Impact of Scenarios on the Other Key Macroeconomic Variables
J5: 1. Inflation | R5: 2. Policy Rate | Z5: 3. Real Effective Exchange Rate | AH5: 4. Current Account Balance
J6: (Percentage point deviation from baseline) | R6: (Percentage point deviation from baseline) | Z6: (Percentage deviation from baseline) | AH6: (Percentage point of GDP deviation from baseline)
J8: United States | R8: United States | Z8: United States | AH8: United States
K9: 2026 | L9: 27 | M9: 28 | N9: 29 | O9: 30 | P9: 31 | S9: 2026 | T9: 27 | U9: 28 | V9: 29 | W9: 30 | X9: 31 | AA9: 2026 | AB9: 27 | AC9: 28 | AD9: 29 | AE9: 30 | AF9: 31 | AI9: 2026 | AJ9: 27 | AK9: 28 | AL9: 29 | AM9: 30 | AN9: 31
J10: Scenario A | K10: 0 | L10: 0.1 | M10: 0 | N10: 0 | O10: 0 | P10: 0 | R10: Scenario A | S10: 0 | T10: 0.1 | U10: 0.1 | V10: 0 | W10: 0 | X10: -0.1 | Z10: Scenario A | AA10: 0 | AB10: -0.7 | AC10: -0.7 | AD10: -0.8 | AE10: -0.7 | AF10: -0.7 | AH10: Scenario A | AI10: 0 | AJ10: -0.1 | AK10: -0.4 | AL10: -0.4 | AM10: -0.4 | AN10: -0.3
J11: Scenario B | K11: 0 | L11: 0.3 | M11: 0.4 | N11: 0.3 | O11: 0.2 | P11: 0 | R11: Scenario B | S11: 0 | T11: 0.5 | U11: 0.7 | V11: 0.5 | W11: 0.3 | X11: 0.1 | Z11: Scenario B | AA11: 0 | AB11: 0.6 | AC11: 0.5 | AD11: 0.2 | AE11: -0.1 | AF11: -0.3 | AH11: Scenario B | AI11: 0 | AJ11: -0.3 | AK11: -0.6 | AL11: -0.8 | AM11: -0.7 | AN11: -0.4
J12: Scenario C | K12: 0 | L12: 0 | M12: -0.1 | N12: -0.3 | O12: -0.2 | P12: 0 | R12: Scenario C | S12: 0 | T12: -0.1 | U12: -0.4 | V12: -0.4 | W12: -0.2 | X12: 0 | Z12: Scenario C | AA12: 0 | AB12: -5.9 | AC12: -3.7 | AD12: -2.2 | AE12: -1.1 | AF12: -0.2 | AH12: Scenario C | AI12: 0 | AJ12: 1 | AK12: 1 | AL12: 1 | AM12: 0.8 | AN12: 0.6
J14: Rest of the world excluding United States | R14: Rest of the world excluding United States | Z14: Asia excluding China | AH14: Asia excluding China
K15: 2026 | L15: 27 | M15: 28 | N15: 29 | O15: 30 | P15: 31 | S15: 2026 | T15: 27 | U15: 28 | V15: 29 | W15: 30 | X15: 31 | AA15: 2026 | AB15: 27 | AC15: 28 | AD15: 29 | AE15: 30 | AF15: 31 | AI15: 2026 | AJ15: 27 | AK15: 28 | AL15: 29 | AM15: 30 | AN15: 31
J16: Scenario A | K16: 0 | L16: 0 | M16: 0.1 | N16: 0.1 | O16: 0.1 | P16: 0.1 | R16: Scenario A | S16: 0 | T16: 0.1 | U16: 0.1 | V16: 0.2 | W16: 0.2 | X16: 0.1 | Z16: Scenario A | AA16: 0 | AB16: 1.5 | AC16: 1.5 | AD16: 1.5 | AE16: 1.4 | AF16: 1.2 | AH16: Scenario A | AI16: 0 | AJ16: 0.1 | AK16: 0.4 | AL16: 0.6 | AM16: 0.5 | AN16: 0.4
J17: Scenario B | K17: 0 | L17: 0.1 | M17: 0.1 | N17: 0.2 | O17: 0.1 | P17: 0.1 | R17: Scenario B | S17: 0 | T17: 0.2 | U17: 0.3 | V17: 0.3 | W17: 0.2 | X17: 0.2 | Z17: Scenario B | AA17: 0 | AB17: 2.7 | AC17: 2.7 | AD17: 2.8 | AE17: 2.7 | AF17: 2.5 | AH17: Scenario B | AI17: 0 | AJ17: 0.4 | AK17: 1.5 | AL17: 2 | AM17: 1.7 | AN17: 1
J18: Scenario C | K18: 0 | L18: -0.2 | M18: -0.4 | N18: -0.4 | O18: -0.3 | P18: -0.2 | R18: Scenario C | S18: 0 | T18: -0.5 | U18: -0.7 | V18: -0.6 | W18: -0.5 | X18: -0.2 | Z18: Scenario C | AA18: 0 | AB18: 2 | AC18: 0.8 | AD18: -0.1 | AE18: -0.6 | AF18: -1 | AH18: Scenario C | AI18: 0 | AJ18: -0.9 | AK18: -0.7 | AL18: -0.9 | AM18: -0.6 | AN18: -0.3

Sheet Figure 1.SF.1.
I1: Back to Table of Contents
J2: Figure 1.SF.1. Commodity Market Developments
J4: 1. Commodity Prices | Q4: 2. Brent Crude Oil Price Forecasts
K6: All commodities | L6: Base metals | M6: Precious metals | N6: Food | O6: Energy | Q6: removed due to copyright
J7: 42035 | K7: 117.16 | L7: 123.56 | M7: 104.71 | N7: 107.6 | O7: 125.43
J8: 42063 | K8: 119.89 | L8: 118.46 | M8: 102.23 | N8: 103.82 | O8: 136.77
J9: 42094 | K9: 115.21 | L9: 115.14 | M9: 97.7 | N9: 100.76 | O9: 130.53
J10: 42124 | K10: 116.28 | L10: 112.72 | M10: 98.88 | N10: 102.34 | O10: 132.52
J11: 42155 | K11: 119.27 | L11: 118.15 | M11: 98.65 | N11: 101.74 | O11: 138.87
J12: 42185 | K12: 116.42 | L12: 112.65 | M12: 96.39 | N12: 100.74 | O12: 135.04
J13: 42216 | K13: 110.01 | L13: 102.74 | M13: 91.74 | N13: 100.78 | O13: 123.74
J14: 42247 | K14: 103.11 | L14: 101.45 | M14: 90.63 | N14: 97.72 | O14: 110.09
J15: 42277 | K15: 102.81 | L15: 101.7 | M15: 91.18 | N15: 97.15 | O15: 110.06
J16: 42308 | K16: 103.01 | L16: 99.01 | M16: 94.42 | N16: 97.71 | O16: 109.98
J17: 42338 | K17: 97.17 | L17: 91.27 | M17: 88.11 | N17: 93.95 | O17: 102.49
J18: 42369 | K18: 91.91 | L18: 87.32 | M18: 86.83 | N18: 93.59 | O18: 91.67
... J146: 46265 | K146: 146.89963 | L146: 167.54841 | M146: 247.60932 | N146: 96.77481 | O146: 154.18855

Sheet Figure 1.SF.2.
I1: Back to Table of Contents
J2: Figure 1.SF.2. Impulse Respone from Four-variable High-frequency VAR
J3: (Percent change; days after the shock on the x-axis)
J5: 1. Fronth Month
K7: a. Forward-Looking Demand | R7: b. Current Demand | Y7: c. Supply | AF7: d. Geopolitical Supply Risk
J8: Days | K8: Oil_upper | L8: Oil_mid | M8: Oil_lower | N8: Gas_upper | O8: Gas_mid | P8: Gas_lower | R8: Oil_upper | S8: Oil_mid | T8: Oil_lower | U8: Gas_upper | V8: Gas_mid | W8: Gas_lower | Y8: Oil_upper | Z8: Oil_mid | AA8: Oil_lower | AB8: Gas_upper | AC8: Gas_mid | AD8: Gas_lower | AF8: Oil_upper | AG8: Oil_mid | AH8: Oil_lower | AI8: Gas_upper | AJ8: Gas_mid | AK8: Gas_lower
J9: 1 | K9: 1.34391 | L9: 1.18152 | M9: 1.11001 | N9: 6.49662 | O9: 3.65128 | P9: -0.50886 | R9: 1.69467 | S9: 1.37465 | T9: 0.76912 | U9: 6.5935 | V9: 3.83517 | W9: 1.19885 | Y9: 1.58746 | Z9: 1.08408 | AA9: 0.48484 | AB9: 6.67802 | AC9: 4.00787 | AD9: 1.34337 | AF9: 1.30129 | AG9: 0.71617 | AH9: 0.23193 | AI9: 6.10393 | AJ9: 3.27494 | AK9: 1.03561
J10: 2 | K10: 1.60736 | L10: 1.44503 | M10: 1.35027 | N10: 3.12917 | O10: 1.6391 | P10: -0.47391 | R10: 1.60513 | S10: 1.28225 | T10: 0.70557 | U10: 3.29184 | V10: 1.83486 | W10: 0.5444 | Y10: 1.63125 | Z10: 1.15121 | AA10: 0.52569 | AB10: 3.39658 | AC10: 2.01796 | AD10: 0.66919 | AF10: 1.32649 | AG10: 0.73391 | AH10: 0.23667 | AI10: 3.19886 | AJ10: 1.75202 | AK10: 0.62034
J11: 3 | K11: 1.60363 | L11: 1.44108 | M11: 1.34226 | N11: 2.62417 | O11: 1.26113 | P11: -0.55353 | R11: 1.54396 | S11: 1.21897 | T11: 0.68553 | U11: 2.72547 | V11: 1.52416 | W11: 0.38014 | Y11: 1.58967 | Z11: 1.13251 | AA11: 0.54314 | AB11: 2.79429 | AC11: 1.56795 | AD11: 0.3612 | AF11: 1.2842 | AG11: 0.6977 | AH11: 0.20497 | AI11: 2.72517 | AJ11: 1.5648 | AK11: 0.5116
J12: 4 | K12: 1.64693 | L12: 1.4901 | M12: 1.39125 | N12: 2.80344 | O12: 1.39053 | P12: -0.51827 | R12: 1.53048 | S12: 1.21182 | T12: 0.72007 | U12: 2.90591 | V12: 1.61667 | W12: 0.47901 | Y12: 1.55799 | Z12: 1.10706 | AA12: 0.54249 | AB12: 2.97717 | AC12: 1.71308 | AD12: 0.45568 | AF12: 1.2477 | AG12: 0.67041 | AH12: 0.191 | AI12: 2.7752 | AJ12: 1.56079 | AK12: 0.47729
J13: 5 | K13: 1.64176 | L13: 1.4838 | M13: 1.38596 | N13: 3.51415 | O13: 1.91405 | P13: -0.41095 | R13: 1.53343 | S13: 1.22257 | T13: 0.71587 | U13: 3.56733 | V13: 2.04449 | W13: 0.61272 | Y13: 1.54318 | Z13: 1.08543 | AA13: 0.52469 | AB13: 3.68518 | AC13: 2.17982 | AD13: 0.65987 | AF13: 1.24551 | AG13: 0.67132 | AH13: 0.19214 | AI13: 3.45526 | AJ13: 1.91353 | AK13: 0.6418
J14: 6 | K14: 1.64153 | L14: 1.48417 | M14: 1.38704 | N14: 3.20092 | O14: 1.69685 | P14: -0.45386 | R14: 1.5323 | S14: 1.22334 | T14: 0.71303 | U14: 3.2569 | V14: 1.86208 | W14: 0.55974 | Y14: 1.53801 | Z14: 1.07936 | AA14: 0.51766 | AB14: 3.37281 | AC14: 1.95672 | AD14: 0.5717 | AF14: 1.24193 | AG14: 0.67034 | AH14: 0.1972 | AI14: 3.18932 | AJ14: 1.79297 | AK14: 0.63563
J15: 7 | K15: 1.64177 | L15: 1.48368 | M15: 1.3861 | N15: 3.07961 | O15: 1.59883 | P15: -0.46957 | R15: 1.52518 | S15: 1.21609 | T15: 0.70343 | U15: 3.14192 | V15: 1.76776 | W15: 0.50615 | Y15: 1.53261 | Z15: 1.07878 | AA15: 0.51267 | AB15: 3.22287 | AC15: 1.83696 | AD15: 0.49559 | AF15: 1.23517 | AG15: 0.67119 | AH15: 0.19691 | AI15: 3.10598 | AJ15: 1.75707 | AK15: 0.62165
J16: 8 | K16: 1.64172 | L16: 1.4855 | M16: 1.38737 | N16: 3.11106 | O16: 1.60468 | P16: -0.47055 | R16: 1.51359 | S16: 1.21034 | T16: 0.69116 | U16: 3.16591 | V16: 1.79233 | W16: 0.50802 | Y16: 1.52287 | Z16: 1.07495 | AA16: 0.50567 | AB16: 3.24495 | AC16: 1.86305 | AD16: 0.49885 | AF16: 1.23101 | AG16: 0.67109 | AH16: 0.201 | AI16: 3.14331 | AJ16: 1.77843 | AK16: 0.64248
J17: 9 | K17: 1.64367 | L17: 1.48652 | M17: 1.38719 | N17: 3.19163 | O17: 1.68711 | P17: -0.44755 | R17: 1.50746 | S17: 1.2048 | T17: 0.67979 | U17: 3.23567 | V17: 1.82742 | W17: 0.52593 | Y17: 1.51647 | Z17: 1.06735 | AA17: 0.50323 | AB17: 3.32544 | AC17: 1.91548 | AD17: 0.51658 | AF17: 1.22832 | AG17: 0.67106 | AH17: 0.2049 | AI17: 3.22234 | AJ17: 1.83952 | AK17: 0.67918
J18: 10 | K18: 1.64325 | L18: 1.488 | M18: 1.38723 | N18: 3.16265 | O18: 1.65756 | P18: -0.45076 | R18: 1.50299 | S18: 1.20239 | T18: 0.67085 | U18: 3.19442 | V18: 1.79168 | W18: 0.51128 | Y18: 1.51021 | Z18: 1.05865 | AA18: 0.49901 | AB18: 3.278 | AC18: 1.88327 | AD18: 0.50836 | AF18: 1.22389 | AG18: 0.6705 | AH18: 0.21117 | AI18: 3.21046 | AJ18: 1.85166 | AK18: 0.68803
J19: 11 | K19: 1.64526 | L19: 1.48803 | M19: 1.38791 | N19: 3.14069 | O19: 1.63629 | P19: -0.46031 | R19: 1.49528 | S19: 1.19604 | T19: 0.66286 | U19: 3.17492 | V19: 1.7897 | W19: 0.49346 | Y19: 1.5043 | Z19: 1.04855 | AA19: 0.49403 | AB19: 3.24272 | AC19: 1.84936 | AD19: 0.47937 | AF19: 1.22575 | AG19: 0.67276 | AH19: 0.21322 | AI19: 3.19488 | AJ19: 1.8428 | AK19: 0.69813
J20: 12 | K20: 1.64666 | L20: 1.49028 | M20: 1.38775 | N20: 3.14036 | O20: 1.63313 | P20: -0.45489 | R20: 1.49163 | S20: 1.18942 | T20: 0.65856 | U20: 3.16653 | V20: 1.7898 | W20: 0.47999 | Y20: 1.49892 | Z20: 1.0431 | AA20: 0.48806 | AB20: 3.24056 | AC20: 1.83525 | AD20: 0.4576 | AF20: 1.22075 | AG20: 0.67032 | AH20: 0.21563 | AI20: 3.2154 | AJ20: 1.85852 | AK20: 0.70013
... J208: 200 | K208: 1.51175 | L208: 1.15215 | M208: 0.90455 | N208: 2.98815 | O208: 1.6645 | P208: 0.00696 | R208: 1.05025 | S208: 0.67363 | T208: 0.36644 | U208: 2.41089 | V208: 1.06769 | W208: -0.27288 | Y208: 0.70173 | Z208: 0.29814 | AA208: -0.05507 | AB208: 1.7919 | AC208: 0.50353 | AD208: -0.78534 | AF208: 0.74202 | AG208: 0.34811 | AH208: 0.00092 | AI208: 2.95425 | AJ208: 1.68499 | AK208: 0.20147
J210: 2. 13-month Futures
K212: a. Forward-Looking Demand | R212: b. Current Demand | Y212: c. Supply | AF212: d. Geopolitical Supply Risk
J213: Days | K213: Oil_upper | L213: Oil_mid | M213: Oil_lower | N213: Gas_upper | O213: Gas_mid | P213: Gas_lower | R213: Oil_upper | S213: Oil_mid | T213: Oil_lower | U213: Gas_upper | V213: Gas_mid | W213: Gas_lower | Y213: Oil_upper | Z213: Oil_mid | AA213: Oil_lower | AB213: Gas_upper | AC213: Gas_mid | AD213: Gas_lower | AF213: Oil_upper | AG213: Oil_mid | AH213: Oil_lower | AI213: Gas_upper | AJ213: Gas_mid | AK213: Gas_lower
J214: 1 | K214: 1.43565 | L214: 1.33806 | M214: 1.21658 | N214: 4.65906 | O214: 2.74368 | P214: 0.93835 | R214: 0.38439 | S214: 0.20182 | T214: 0.05797 | U214: 4.34415 | V214: 2.22184 | W214: -0.56833 | Y214: 1.05502 | Z214: 0.8901 | AA214: 0.62337 | AB214: 4.55959 | AC214: 2.46821 | AD214: 0.2772 | AF214: 0.82843 | AG214: 0.2892 | AH214: -0.39166 | AI214: 4.11479 | AJ214: 1.23815 | AK214: -1.58787
J215: 2 | K215: 1.38198 | L215: 1.29871 | M215: 1.20166 | N215: 2.74531 | O215: 1.60899 | P215: 0.50292 | R215: 0.41864 | S215: 0.24672 | T215: 0.11182 | U215: 2.53338 | V215: 1.22515 | W215: -0.47105 | Y215: 0.94238 | Z215: 0.78322 | AA215: 0.5439 | AB215: 2.68481 | AC215: 1.38491 | AD215: 0.0267 | AF215: 0.73226 | AG215: 0.30094 | AH215: -0.27223 | AI215: 2.44927 | AJ215: 0.6203 | AK215: -1.05131
J216: 3 | K216: 1.40372 | L216: 1.32166 | M216: 1.23382 | N216: 2.12527 | O216: 1.28647 | P216: 0.43335 | R216: 0.42886 | S216: 0.25952 | T216: 0.12752 | U216: 1.92116 | V216: 0.91284 | W216: -0.37928 | Y216: 0.91607 | Z216: 0.75537 | AA216: 0.52275 | AB216: 2.02082 | AC216: 0.9889 | AD216: -0.05533 | AF216: 0.69759 | AG216: 0.29315 | AH216: -0.24987 | AI216: 1.89476 | AJ216: 0.46409 | AK216: -0.80718
J217: 4 | K217: 1.39326 | L217: 1.30782 | M217: 1.22811 | N217: 2.15473 | O217: 1.30289 | P217: 0.47128 | R217: 0.44352 | S217: 0.27793 | T217: 0.14643 | U217: 1.97635 | V217: 0.99219 | W217: -0.27548 | Y217: 0.89072 | Z217: 0.73226 | AA217: 0.50707 | AB217: 2.05428 | AC217: 1.07726 | AD217: 0.05144 | AF217: 0.67679 | AG217: 0.28896 | AH217: -0.23413 | AI217: 1.87103 | AJ217: 0.52467 | AK217: -0.74237
J218: 5 | K218: 1.40104 | L218: 1.31663 | M218: 1.23805 | N218: 2.65901 | O218: 1.59015 | P218: 0.55945 | R218: 0.44679 | S218: 0.28234 | T218: 0.14797 | U218: 2.4373 | V218: 1.27063 | W218: -0.27167 | Y218: 0.89706 | Z218: 0.73995 | AA218: 0.51556 | AB218: 2.57298 | AC218: 1.3889 | AD218: 0.16521 | AF218: 0.68011 | AG218: 0.28877 | AH218: -0.24408 | AI218: 2.31607 | AJ218: 0.7172 | AK218: -0.83479
J219: 6 | K219: 1.39971 | L219: 1.3135 | M219: 1.2341 | N219: 2.50761 | O219: 1.48443 | P219: 0.50525 | R219: 0.45138 | S219: 0.28817 | T219: 0.15123 | U219: 2.31142 | V219: 1.18753 | W219: -0.29541 | Y219: 0.89473 | Z219: 0.7405 | AA219: 0.51815 | AB219: 2.42418 | AC219: 1.30501 | AD219: 0.14124 | AF219: 0.67707 | AG219: 0.28281 | AH219: -0.24333 | AI219: 2.2056 | AJ219: 0.68002 | AK219: -0.806
J220: 7 | K220: 1.39919 | L220: 1.31297 | M220: 1.23363 | N220: 2.38995 | O220: 1.41345 | P220: 0.4836 | R220: 0.45563 | S220: 0.29199 | T220: 0.1559 | U220: 2.18747 | V220: 1.1247 | W220: -0.26397 | Y220: 0.89328 | Z220: 0.7401 | AA220: 0.5207 | AB220: 2.2879 | AC220: 1.23945 | AD220: 0.1383 | AF220: 0.67319 | AG220: 0.28116 | AH220: -0.24383 | AI220: 2.09047 | AJ220: 0.65187 | AK220: -0.74235
J221: 8 | K221: 1.39531 | L221: 1.3122 | M221: 1.23149 | N221: 2.37729 | O221: 1.40628 | P221: 0.4857 | R221: 0.46163 | S221: 0.29565 | T221: 0.15889 | U221: 2.19517 | V221: 1.14483 | W221: -0.22776 | Y221: 0.89151 | Z221: 0.73914 | AA221: 0.51702 | AB221: 2.2895 | AC221: 1.25561 | AD221: 0.16813 | AF221: 0.67061 | AG221: 0.27822 | AH221: -0.24076 | AI221: 2.06466 | AJ221: 0.67368 | AK221: -0.70208
J222: 9 | K222: 1.39556 | L222: 1.31204 | M222: 1.22967 | N222: 2.41952 | O222: 1.43969 | P222: 0.49032 | R222: 0.46643 | S222: 0.30294 | T222: 0.16217 | U222: 2.24992 | V222: 1.18754 | W222: -0.20361 | Y222: 0.89156 | Z222: 0.73813 | AA222: 0.51759 | AB222: 2.33922 | AC222: 1.30488 | AD222: 0.20873 | AF222: 0.66614 | AG222: 0.27864 | AH222: -0.24004 | AI222: 2.10929 | AJ222: 0.72099 | AK222: -0.68262
J223: 10 | K223: 1.39413 | L223: 1.31047 | M223: 1.22876 | N223: 2.3958 | O223: 1.43088 | P223: 0.48297 | R223: 0.46954 | S223: 0.30674 | T223: 0.16703 | U223: 2.22837 | V223: 1.18473 | W223: -0.19754 | Y223: 0.8902 | Z223: 0.73663 | AA223: 0.51495 | AB223: 2.3273 | AC223: 1.30644 | AD223: 0.22341 | AF223: 0.66499 | AG223: 0.28066 | AH223: -0.23702 | AI223: 2.10235 | AJ223: 0.73778 | AK223: -0.65565
J224: 11 | K224: 1.39273 | L224: 1.30838 | M224: 1.2281 | N224: 2.37 | O224: 1.41615 | P224: 0.48314 | R224: 0.47188 | S224: 0.30959 | T224: 0.16963 | U224: 2.20255 | V224: 1.19209 | W224: -0.16378 | Y224: 0.89016 | Z224: 0.73413 | AA224: 0.51509 | AB224: 2.29446 | AC224: 1.30146 | AD224: 0.24166 | AF224: 0.66152 | AG224: 0.28 | AH224: -0.23531 | AI224: 2.07845 | AJ224: 0.75339 | AK224: -0.62354
J225: 12 | K225: 1.3923 | L225: 1.30749 | M225: 1.22789 | N225: 2.36367 | O225: 1.39839 | P225: 0.46944 | R225: 0.47654 | S225: 0.31208 | T225: 0.17329 | U225: 2.19164 | V225: 1.18905 | W225: -0.12989 | Y225: 0.88857 | Z225: 0.73321 | AA225: 0.51307 | AB225: 2.28995 | AC225: 1.30586 | AD225: 0.2581 | AF225: 0.65884 | AG225: 0.28133 | AH225: -0.23475 | AI225: 2.06457 | AJ225: 0.76889 | AK225: -0.58897
... J413: 200 | K413: 1.28086 | L413: 1.02966 | M413: 0.81941 | N413: 2.45907 | O413: 1.36701 | P413: -0.01941 | R413: 0.73183 | S413: 0.46058 | T413: 0.24546 | U413: 2.05639 | V413: 0.97708 | W413: 0.01774 | Y413: 0.64292 | Z413: 0.35916 | AA413: 0.10211 | AB413: 1.72822 | AC413: 0.68027 | AD413: -0.3426 | AF413: 0.54013 | AG413: 0.24444 | AH413: 0.0157 | AI413: 2.36942 | AJ413: 1.40085 | AK413: 0.36147
J415: 3. Stocks
K417: a. Forward-Looking Demand | R417: b. Current Demand | Y417: c. Supply | AF417: d. Geopolitical Supply Risk
J418: Days | K418: Oil_upper | L418: Oil_mid | M418: Oil_lower | N418: Gas_upper | O418: Gas_mid | P418: Gas_lower | R418: Oil_upper | S418: Oil_mid | T418: Oil_lower | U418: Gas_upper | V418: Gas_mid | W418: Gas_lower | Y418: Oil_upper | Z418: Oil_mid | AA418: Oil_lower | AB418: Gas_upper | AC418: Gas_mid | AD418: Gas_lower | AF418: Oil_upper | AG418: Oil_mid | AH418: Oil_lower | AI418: Gas_upper | AJ418: Gas_mid | AK418: Gas_lower
J419: 1 | K419: 1.23562 | L419: 1.1505 | M419: 1.0499 | N419: 0.11386 | O419: -0.03628 | P419: -0.17386 | R419: 0.32415 | S419: 0.16343 | T419: 0.05095 | U419: 0.22755 | V419: 0.14011 | W419: 0.04917 | Y419: -0.38146 | Z419: -0.69518 | AA419: -0.86925 | AB419: -0.03807 | AC419: -0.11302 | AD419: -0.216 | AF419: 0.50114 | AG419: -0.12682 | AH419: -0.73238 | AI419: 0.18083 | AJ419: 0.05481 | AK419: -0.10132
J420: 2 | K420: 1.32997 | L420: 1.24131 | M420: 1.12818 | N420: 0.11375 | O420: -0.03665 | P420: -0.17773 | R420: 0.37251 | S420: 0.18407 | T420: 0.05832 | U420: 0.23053 | V420: 0.14224 | W420: 0.04956 | Y420: -0.42892 | Z420: -0.79397 | AA420: -0.98569 | AB420: -0.03908 | AC420: -0.11651 | AD420: -0.21803 | AF420: 0.56967 | AG420: -0.14355 | AH420: -0.82974 | AI420: 0.18259 | AJ420: 0.05437 | AK420: -0.10196 | AS420: d.Gas Geopolitical Risk
J421: 3 | K421: 1.34281 | L421: 1.24628 | M421: 1.13263 | N421: 0.11838 | O421: -0.03884 | P421: -0.18169 | R421: 0.41868 | S421: 0.22342 | T421: 0.09572 | U421: 0.2371 | V421: 0.14682 | W421: 0.05225 | Y421: -0.40673 | Z421: -0.78697 | AA421: -0.98526 | AB421: -0.03952 | AC421: -0.1175 | AD421: -0.22382 | AF421: 0.58548 | AG421: -0.13575 | AH421: -0.83516 | AI421: 0.18766 | AJ421: 0.05766 | AK421: -0.10361
J422: 4 | K422: 1.34697 | L422: 1.25038 | M422: 1.14049 | N422: 0.11979 | O422: -0.03574 | P422: -0.17995 | R422: 0.40054 | S422: 0.22113 | T422: 0.0981 | U422: 0.23665 | V422: 0.14581 | W422: 0.05311 | Y422: -0.37478 | Z422: -0.7382 | AA422: -0.92795 | AB422: -0.0395 | AC422: -0.11798 | AD422: -0.22339 | AF422: 0.53787 | AG422: -0.13571 | AH422: -0.79275 | AI422: 0.18759 | AJ422: 0.05802 | AK422: -0.10622
J423: 5 | K423: 1.33121 | L423: 1.23585 | M423: 1.12763 | N423: 0.11802 | O423: -0.03526 | P423: -0.17832 | R423: 0.40313 | S423: 0.22416 | T423: 0.10039 | U423: 0.2346 | V423: 0.14489 | W423: 0.05253 | Y423: -0.36403 | Z423: -0.73031 | AA423: -0.92284 | AB423: -0.03953 | AC423: -0.11721 | AD423: -0.22162 | AF423: 0.53068 | AG423: -0.13805 | AH423: -0.796 | AI423: 0.18463 | AJ423: 0.05623 | AK423: -0.10666
J424: 6 | K424: 1.32191 | L424: 1.22776 | M424: 1.11782 | N424: 0.11767 | O424: -0.03445 | P424: -0.17623 | R424: 0.40751 | S424: 0.22916 | T424: 0.10474 | U424: 0.23335 | V424: 0.14374 | W424: 0.05199 | Y424: -0.36077 | Z424: -0.72848 | AA424: -0.92161 | AB424: -0.0389 | AC424: -0.11623 | AD424: -0.21928 | AF424: 0.52938 | AG424: -0.14082 | AH424: -0.80044 | AI424: 0.18233 | AJ424: 0.055 | AK424: -0.10517
J425: 7 | K425: 1.31059 | L425: 1.21865 | M425: 1.10686 | N425: 0.11746 | O425: -0.03349 | P425: -0.17402 | R425: 0.41187 | S425: 0.23251 | T425: 0.10676 | U425: 0.23235 | V425: 0.14255 | W425: 0.05132 | Y425: -0.35495 | Z425: -0.72696 | AA425: -0.92127 | AB425: -0.03775 | AC425: -0.11499 | AD425: -0.21698 | AF425: 0.53126 | AG425: -0.13559 | AH425: -0.80325 | AI425: 0.17998 | AJ425: 0.05333 | AK425: -0.10445
J426: 8 | K426: 1.30081 | L426: 1.20985 | M426: 1.09977 | N426: 0.1183 | O426: -0.0329 | P426: -0.17197 | R426: 0.41597 | S426: 0.23408 | T426: 0.10878 | U426: 0.23078 | V426: 0.14045 | W426: 0.05122 | Y426: -0.35657 | Z426: -0.72567 | AA426: -0.91885 | AB426: -0.03732 | AC426: -0.11334 | AD426: -0.21447 | AF426: 0.52897 | AG426: -0.13059 | AH426: -0.8062 | AI426: 0.17761 | AJ426: 0.05217 | AK426: -0.10455
J427: 9 | K427: 1.29192 | L427: 1.20002 | M427: 1.0911 | N427: 0.11727 | O427: -0.03288 | P427: -0.16953 | R427: 0.41788 | S427: 0.23467 | T427: 0.10907 | U427: 0.22895 | V427: 0.13893 | W427: 0.05143 | Y427: -0.35485 | Z427: -0.7238 | AA427: -0.91605 | AB427: -0.0365 | AC427: -0.1118 | AD427: -0.21208 | AF427: 0.52868 | AG427: -0.128 | AH427: -0.8008 | AI427: 0.17539 | AJ427: 0.05121 | AK427: -0.10406
J428: 10 | K428: 1.28223 | L428: 1.1922 | M428: 1.08201 | N428: 0.11709 | O428: -0.0325 | P428: -0.16845 | R428: 0.42017 | S428: 0.23681 | T428: 0.11002 | U428: 0.22635 | V428: 0.13803 | W428: 0.05135 | Y428: -0.35357 | Z428: -0.7208 | AA428: -0.91278 | AB428: -0.03586 | AC428: -0.10978 | AD428: -0.2101 | AF428: 0.52616 | AG428: -0.13159 | AH428: -0.79968 | AI428: 0.17288 | AJ428: 0.04993 | AK428: -0.10357
J429: 11 | K429: 1.27353 | L429: 1.18363 | M429: 1.07222 | N429: 0.11686 | O429: -0.03237 | P429: -0.16631 | R429: 0.42166 | S429: 0.23824 | T429: 0.10993 | U429: 0.22389 | V429: 0.13667 | W429: 0.05102 | Y429: -0.35209 | Z429: -0.71732 | AA429: -0.90915 | AB429: -0.03535 | AC429: -0.10842 | AD429: -0.2075 | AF429: 0.52615 | AG429: -0.12969 | AH429: -0.79851 | AI429: 0.17064 | AJ429: 0.04874 | AK429: -0.10409
J430: 12 | K430: 1.26445 | L430: 1.17487 | M430: 1.06564 | N430: 0.11659 | O430: -0.03075 | P430: -0.1648 | R430: 0.42274 | S430: 0.23696 | T430: 0.11068 | U430: 0.22184 | V430: 0.13548 | W430: 0.05069 | Y430: -0.35182 | Z430: -0.71431 | AA430: -0.90587 | AB430: -0.0345 | AC430: -0.10816 | AD430: -0.20477 | AF430: 0.52675 | AG430: -0.12587 | AH430: -0.79774 | AI430: 0.16865 | AJ430: 0.04758 | AK430: -0.10433
J431: 13 | K431: 1.25575 | L431: 1.1668 | M431: 1.05753 | N431: 0.11614 | O431: -0.02982 | P431: -0.16299 | R431: 0.42375 | S431: 0.23761 | T431: 0.11191 | U431: 0.21953 | V431: 0.13428 | W431: 0.05 | Y431: -0.35082 | Z431: -0.71271 | AA431: -0.90262 | AB431: -0.03343 | AC431: -0.10671 | AD431: -0.20261 | AF431: 0.52651 | AG431: -0.12322 | AH431: -0.79679 | AI431: 0.16689 | AJ431: 0.0467 | AK431: -0.10447
J432: 14 | K432: 1.24736 | L432: 1.15881 | M432: 1.04915 | N432: 0.11506 | O432: -0.02884 | P432: -0.16178 | R432: 0.42386 | S432: 0.2396 | T432: 0.11221 | U432: 0.21722 | V432: 0.13318 | W432: 0.04917 | Y432: -0.3495 | Z432: -0.71086 | AA432: -0.89886 | AB432: -0.03293 | AC432: -0.10641 | AD432: -0.20029 | AF432: 0.52548 | AG432: -0.12375 | AH432: -0.7949 | AI432: 0.16485 | AJ432: 0.04613 | AK432: -0.10339
... J618: 200 | K618: 0.35114 | L618: 0.17878 | M618: 0.03498 | N618: 0.02566 | O618: -0.00627 | P618: -0.0337 | R618: 0.24527 | S618: 0.09151 | T618: -0.02616 | U618: 0.04405 | V618: 0.01795 | W618: -0.0028 | Y618: -0.21071 | Z618: -0.42375 | AA618: -0.5905 | AB618: -0.00251 | AC618: -0.01989 | AD618: -0.04312 | AF618: 0.34799 | AG618: -0.05388 | AH618: -0.46237 | AI618: 0.03674 | AJ618: 0.00495 | AK618: -0.02302

Sheet Figure 1.SF.3.
L1: Back to Table of Contents
M2: Figure 1.SF.3. Local Projections of Oil and Gas Shocks on the Consumer Price Index and Unemployment
M3: (Percent change; monthly horizon on the x-axis)
M5: 1. Cumulative Responses of CPI
M6: (Percent change)
N8: a. Forward-Looking Demand | U8: b. Current Demand | AB8: c. Supply | AI8: d. Geopolitical Supply Risk
M9: Months | N9: Gas_mid | O9: Gas_lower | P9: Gas_upper | Q9: Oil_mid | R9: Oil_lower | S9: Oil_upper | U9: Gas_mid | V9: Gas_lower | W9: Gas_upper | X9: Oil_mid | Y9: Oil_lower | Z9: Oil_upper | AB9: Gas_mid | AC9: Gas_lower | AD9: Gas_upper | AE9: Oil_mid | AF9: Oil_lower | AG9: Oil_upper | AI9: Gas_mid | AJ9: Gas_lower | AK9: Gas_upper | AL9: Oil_mid | AM9: Oil_lower | AN9: Oil_upper
M10: 0 | N10: 0.00326 | O10: -0.00341 | P10: 0.00992 | Q10: 0.01047 | R10: 0.00682 | S10: 0.01411 | U10: 0.00394 | V10: -0.0005 | W10: 0.00839 | X10: 0.01264 | Y10: 0.00741 | Z10: 0.01788 | AB10: 0.00337 | AC10: -0.00082 | AD10: 0.00755 | AE10: 0.01216 | AF10: 0.00891 | AG10: 0.01541 | AI10: 0.00971 | AJ10: 0.00139 | AK10: 0.01802 | AL10: 0.0126 | AM10: 0.00727 | AN10: 0.01794
M11: 1 | N11: 0.00631 | O11: -0.00544 | P11: 0.01805 | Q11: 0.02644 | R11: 0.01483 | S11: 0.03805 | U11: 0.00865 | V11: 0.00031 | W11: 0.01698 | X11: 0.02601 | Y11: 0.01748 | Z11: 0.03453 | AB11: 0.0075 | AC11: -0.00017 | AD11: 0.01516 | AE11: 0.02733 | AF11: 0.02319 | AG11: 0.03148 | AI11: 0.01933 | AJ11: 0.00463 | AK11: 0.03402 | AL11: 0.03262 | AM11: 0.02424 | AN11: 0.041
M12: 2 | N12: 0.01328 | O12: -0.00075 | P12: 0.02731 | Q12: 0.03974 | R12: 0.02426 | S12: 0.05522 | U12: 0.01493 | V12: 0.00485 | W12: 0.025 | X12: 0.02925 | Y12: 0.01996 | Z12: 0.03854 | AB12: 0.01589 | AC12: -0.00213 | AD12: 0.03391 | AE12: 0.0336 | AF12: 0.02509 | AG12: 0.04211 | AI12: 0.02497 | AJ12: 0.01454 | AK12: 0.0354 | AL12: 0.03765 | AM12: 0.02707 | AN12: 0.04823
M13: 3 | N13: 0.02115 | O13: 0.00718 | P13: 0.03511 | Q13: 0.04325 | R13: 0.0255 | S13: 0.06101 | U13: 0.02171 | V13: 0.00849 | W13: 0.03494 | X13: 0.03194 | Y13: 0.0229 | Z13: 0.04098 | AB13: 0.02293 | AC13: 0.00123 | AD13: 0.04462 | AE13: 0.03451 | AF13: 0.02506 | AG13: 0.04397 | AI13: 0.02947 | AJ13: 0.01908 | AK13: 0.03987 | AL13: 0.03601 | AM13: 0.02831 | AN13: 0.0437
M14: 4 | N14: 0.01608 | O14: 0.00141 | P14: 0.03076 | Q14: 0.0378 | R14: 0.02147 | S14: 0.05413 | U14: 0.03183 | V14: 0.01539 | W14: 0.04827 | X14: 0.03721 | Y14: 0.02586 | Z14: 0.04857 | AB14: 0.0328 | AC14: 0.00582 | AD14: 0.05979 | AE14: 0.03847 | AF14: 0.02526 | AG14: 0.05168 | AI14: 0.03871 | AJ14: 0.02557 | AK14: 0.05185 | AL14: 0.03687 | AM14: 0.02672 | AN14: 0.04703
M15: 5 | N15: 0.01953 | O15: 0.00308 | P15: 0.03599 | Q15: 0.03768 | R15: 0.02131 | S15: 0.05406 | U15: 0.03453 | V15: 0.01921 | W15: 0.04985 | X15: 0.04725 | Y15: 0.03267 | Z15: 0.06183 | AB15: 0.03304 | AC15: 0.00509 | AD15: 0.06098 | AE15: 0.04055 | AF15: 0.02527 | AG15: 0.05584 | AI15: 0.04067 | AJ15: 0.02781 | AK15: 0.05353 | AL15: 0.03923 | AM15: 0.02566 | AN15: 0.0528
M16: 6 | N16: 0.02534 | O16: 0.00743 | P16: 0.04324 | Q16: 0.03654 | R16: 0.02157 | S16: 0.05152 | U16: 0.04188 | V16: 0.02417 | W16: 0.0596 | X16: 0.05467 | Y16: 0.0412 | Z16: 0.06814 | AB16: 0.04044 | AC16: 0.01226 | AD16: 0.06862 | AE16: 0.04294 | AF16: 0.02483 | AG16: 0.06105 | AI16: 0.04336 | AJ16: 0.02779 | AK16: 0.05892 | AL16: 0.04085 | AM16: 0.02356 | AN16: 0.05814
M17: 7 | N17: 0.03055 | O17: 0.01241 | P17: 0.04869 | Q17: 0.03463 | R17: 0.02073 | S17: 0.04852 | U17: 0.04674 | V17: 0.03028 | W17: 0.06321 | X17: 0.06049 | Y17: 0.04809 | Z17: 0.0729 | AB17: 0.04087 | AC17: 0.0145 | AD17: 0.06724 | AE17: 0.04147 | AF17: 0.02132 | AG17: 0.06161 | AI17: 0.04749 | AJ17: 0.03013 | AK17: 0.06486 | AL17: 0.04044 | AM17: 0.01421 | AN17: 0.06667
M18: 8 | N18: 0.03631 | O18: 0.01564 | P18: 0.05698 | Q18: 0.03762 | R18: 0.02455 | S18: 0.05069 | U18: 0.05553 | V18: 0.03712 | W18: 0.07393 | X18: 0.06623 | Y18: 0.05322 | Z18: 0.07925 | AB18: 0.04312 | AC18: 0.01073 | AD18: 0.07551 | AE18: 0.04483 | AF18: 0.0215 | AG18: 0.06815 | AI18: 0.06237 | AJ18: 0.03454 | AK18: 0.0902 | AL18: 0.04191 | AM18: 0.00773 | AN18: 0.07609
M19: 9 | N19: 0.04342 | O19: 0.02312 | P19: 0.06371 | Q19: 0.0399 | R19: 0.02625 | S19: 0.05356 | U19: 0.06392 | V19: 0.0453 | W19: 0.08254 | X19: 0.06745 | Y19: 0.05251 | Z19: 0.0824 | AB19: 0.04894 | AC19: 0.01416 | AD19: 0.08371 | AE19: 0.04945 | AF19: 0.02519 | AG19: 0.07371 | AI19: 0.0694 | AJ19: 0.03954 | AK19: 0.09926 | AL19: 0.04429 | AM19: 0.00592 | AN19: 0.08266
M20: 10 | N20: 0.05494 | O20: 0.03232 | P20: 0.07756 | Q20: 0.04206 | R20: 0.02791 | S20: 0.05621 | U20: 0.06775 | V20: 0.04881 | W20: 0.08669 | X20: 0.06994 | Y20: 0.05524 | Z20: 0.08465 | AB20: 0.05128 | AC20: 0.01396 | AD20: 0.0886 | AE20: 0.05191 | AF20: 0.02767 | AG20: 0.07614 | AI20: 0.07335 | AJ20: 0.04467 | AK20: 0.10202 | AL20: 0.04651 | AM20: 0.00595 | AN20: 0.08707
M21: 11 | N21: 0.05464 | O21: 0.02871 | P21: 0.08057 | Q21: 0.04013 | R21: 0.02303 | S21: 0.05723 | U21: 0.07336 | V21: 0.05082 | W21: 0.09591 | X21: 0.07379 | Y21: 0.05938 | Z21: 0.0882 | AB21: 0.05307 | AC21: 0.0128 | AD21: 0.09335 | AE21: 0.05229 | AF21: 0.02518 | AG21: 0.0794 | AI21: 0.07426 | AJ21: 0.04886 | AK21: 0.09966 | AL21: 0.0403 | AM21: -0.00127 | AN21: 0.08187
... M34: 24 | N34: 0.15722 | O34: 0.09579 | P34: 0.21864 | Q34: 0.03962 | R34: 0.0257 | S34: 0.05354 | U34: 0.1305 | V34: 0.10215 | W34: 0.15884 | X34: 0.14183 | Y34: 0.11304 | Z34: 0.17063 | AB34: 0.07853 | AC34: 0.04258 | AD34: 0.11448 | AE34: 0.06905 | AF34: 0.03194 | AG34: 0.10616 | AI34: 0.14315 | AJ34: 0.12483 | AK34: 0.16146 | AL34: -0.02416 | AM34: -0.07072 | AN34: 0.02241
M36: 2. Cumulative Responses of Unemployment
M37: (Percentage point change)
N39: a. Forward-Looking Demand | U39: b. Current Demand | AB39: c. Supply | AI39: d. Geopolitical Supply Risk
M40: Months | N40: Gas_mid | O40: Gas_lower | P40: Gas_upper | Q40: Oil_mid | R40: Oil_lower | S40: Oil_upper | U40: Gas_mid | V40: Gas_lower | W40: Gas_upper | X40: Oil_mid | Y40: Oil_lower | Z40: Oil_upper | AB40: Gas_mid | AC40: Gas_lower | AD40: Gas_upper | AE40: Oil_mid | AF40: Oil_lower | AG40: Oil_upper | AI40: Gas_mid | AJ40: Gas_lower | AK40: Gas_upper | AL40: Oil_mid | AM40: Oil_lower | AN40: Oil_upper
M41: 0 | N41: -0.00387 | O41: -0.00747 | P41: -0.00027 | Q41: -0.00173 | R41: -0.00539 | S41: 0.00194 | U41: 0.00019 | V41: -0.00203 | W41: 0.0024 | X41: -0.00052 | Y41: -0.00292 | Z41: 0.00188 | AB41: 0.00269 | AC41: -0.00148 | AD41: 0.00686 | AE41: 0.00484 | AF41: 0.0013 | AG41: 0.00837 | AI41: -6e-05 | AJ41: -0.00224 | AK41: 0.00212 | AL41: -0.00031 | AM41: -0.00261 | AN41: 0.00199
M42: 1 | N42: -0.00333 | O42: -0.00677 | P42: 0.00011 | Q42: -0.00319 | R42: -0.01096 | S42: 0.00457 | U42: -0.00018 | V42: -0.00475 | W42: 0.00439 | X42: -0.00045 | Y42: -0.00589 | Z42: 0.00499 | AB42: 0.00217 | AC42: -0.00181 | AD42: 0.00615 | AE42: 0.00584 | AF42: 0.00056 | AG42: 0.01112 | AI42: 0.00028 | AJ42: -0.00104 | AK42: 0.00161 | AL42: -0.00303 | AM42: -0.00731 | AN42: 0.00124
M43: 2 | N43: -0.00353 | O43: -0.00814 | P43: 0.00109 | Q43: -0.00972 | R43: -0.02152 | S43: 0.00207 | U43: -0.00082 | V43: -0.00664 | W43: 0.00501 | X43: -0.00184 | Y43: -0.01013 | Z43: 0.00645 | AB43: 0.00336 | AC43: -0.00244 | AD43: 0.00915 | AE43: 0.01014 | AF43: 0.00343 | AG43: 0.01686 | AI43: 0.00121 | AJ43: 4e-05 | AK43: 0.00238 | AL43: -0.00739 | AM43: -0.02116 | AN43: 0.00637
M44: 3 | N44: -0.00479 | O44: -0.00773 | P44: -0.00185 | Q44: -0.01528 | R44: -0.03098 | S44: 0.00042 | U44: -0.0019 | V44: -0.00855 | W44: 0.00476 | X44: -0.0078 | Y44: -0.01956 | Z44: 0.00396 | AB44: 0.00409 | AC44: -0.00282 | AD44: 0.011 | AE44: 0.01018 | AF44: 0.00402 | AG44: 0.01635 | AI44: 0.00206 | AJ44: -0.00222 | AK44: 0.00634 | AL44: -0.00606 | AM44: -0.01861 | AN44: 0.00649
M45: 4 | N45: -0.00729 | O45: -0.01404 | P45: -0.00053 | Q45: -0.01756 | R45: -0.03126 | S45: -0.00387 | U45: -0.00202 | V45: -0.01002 | W45: 0.00597 | X45: -0.00617 | Y45: -0.01482 | Z45: 0.00247 | AB45: 0.00596 | AC45: -0.00446 | AD45: 0.01639 | AE45: 0.01191 | AF45: 0.00446 | AG45: 0.01937 | AI45: 0.00115 | AJ45: -0.00272 | AK45: 0.00503 | AL45: -0.0079 | AM45: -0.02377 | AN45: 0.00797
M46: 5 | N46: -0.00631 | O46: -0.01171 | P46: -0.0009 | Q46: -0.01966 | R46: -0.03406 | S46: -0.00526 | U46: -0.00314 | V46: -0.01086 | W46: 0.00458 | X46: -0.00265 | Y46: -0.01607 | Z46: 0.01077 | AB46: 0.0051 | AC46: -0.00288 | AD46: 0.01308 | AE46: 0.01491 | AF46: 0.00539 | AG46: 0.02443 | AI46: -0.00321 | AJ46: -0.00836 | AK46: 0.00194 | AL46: -0.01212 | AM46: -0.03165 | AN46: 0.00742
M47: 6 | N47: -0.00955 | O47: -0.01839 | P47: -0.0007 | Q47: -0.02047 | R47: -0.03305 | S47: -0.00789 | U47: -0.00656 | V47: -0.01299 | W47: -0.00014 | X47: -0.00345 | Y47: -0.0163 | Z47: 0.00939 | AB47: 0.00348 | AC47: -0.0039 | AD47: 0.01086 | AE47: 0.01586 | AF47: 0.00462 | AG47: 0.02709 | AI47: -0.00424 | AJ47: -0.01036 | AK47: 0.00188 | AL47: -0.01402 | AM47: -0.03504 | AN47: 0.007
M48: 7 | N48: -0.0095 | O48: -0.01751 | P48: -0.00148 | Q48: -0.02135 | R48: -0.03378 | S48: -0.00893 | U48: -0.00863 | V48: -0.01462 | W48: -0.00265 | X48: -0.00125 | Y48: -0.0179 | Z48: 0.01539 | AB48: 0.001 | AC48: -0.00582 | AD48: 0.00782 | AE48: 0.01869 | AF48: 0.00435 | AG48: 0.03302 | AI48: -0.00499 | AJ48: -0.01418 | AK48: 0.0042 | AL48: -0.01227 | AM48: -0.03319 | AN48: 0.00865
M49: 8 | N49: -0.00766 | O49: -0.01523 | P49: -9e-05 | Q49: -0.02202 | R49: -0.03518 | S49: -0.00886 | U49: -0.00995 | V49: -0.01603 | W49: -0.00388 | X49: -0.00148 | Y49: -0.01842 | Z49: 0.01547 | AB49: -0.00105 | AC49: -0.00781 | AD49: 0.0057 | AE49: 0.02158 | AF49: 0.00492 | AG49: 0.03824 | AI49: -0.00601 | AJ49: -0.0143 | AK49: 0.00228 | AL49: -0.00958 | AM49: -0.02562 | AN49: 0.00646
M50: 9 | N50: -0.00575 | O50: -0.01348 | P50: 0.00197 | Q50: -0.02012 | R50: -0.03179 | S50: -0.00844 | U50: -0.00936 | V50: -0.01803 | W50: -0.00068 | X50: -0.00276 | Y50: -0.01931 | Z50: 0.01379 | AB50: -0.0019 | AC50: -0.00861 | AD50: 0.00481 | AE50: 0.02669 | AF50: 0.00721 | AG50: 0.04617 | AI50: -0.00702 | AJ50: -0.01804 | AK50: 0.00399 | AL50: -0.01164 | AM50: -0.02898 | AN50: 0.0057
M51: 10 | N51: -0.005 | O51: -0.01299 | P51: 0.00299 | Q51: -0.01649 | R51: -0.02586 | S51: -0.00712 | U51: -0.00971 | V51: -0.01979 | W51: 0.00037 | X51: -0.00642 | Y51: -0.02131 | Z51: 0.00847 | AB51: -0.00249 | AC51: -0.0102 | AD51: 0.00522 | AE51: 0.0293 | AF51: 0.00823 | AG51: 0.05037 | AI51: -0.00583 | AJ51: -0.01565 | AK51: 0.00399 | AL51: -0.01056 | AM51: -0.02443 | AN51: 0.0033
M52: 11 | N52: -0.00558 | O52: -0.01511 | P52: 0.00396 | Q52: -0.0202 | R52: -0.03007 | S52: -0.01033 | U52: -0.00976 | V52: -0.02083 | W52: 0.0013 | X52: -0.00583 | Y52: -0.01991 | Z52: 0.00825 | AB52: -0.00185 | AC52: -0.01134 | AD52: 0.00764 | AE52: 0.03302 | AF52: 0.01006 | AG52: 0.05597 | AI52: -0.0052 | AJ52: -0.01501 | AK52: 0.00461 | AL52: -0.00709 | AM52: -0.01845 | AN52: 0.00427
... M65: 24 | N65: -0.0136 | O65: -0.0336 | P65: 0.0064 | Q65: -0.00246 | R65: -0.01532 | S65: 0.0104 | U65: -0.01223 | V65: -0.02406 | W65: -0.0004 | X65: -0.02433 | Y65: -0.05119 | Z65: 0.00253 | AB65: -0.00332 | AC65: -0.00795 | AD65: 0.00131 | AE65: 0.05017 | AF65: 0.0182 | AG65: 0.08215 | AI65: -0.00782 | AJ65: -0.02199 | AK65: 0.00635 | AL65: 0.00784 | AM65: -0.01458 | AN65: 0.03026

Sheet Figure 1.SF.4.
I1: Back to Table of Contents
J2: Figure 1.SF.4. Front Month Price Decompositions around Selected Episodes
J3: (Percent change from value at beginning of period)
J5: 1. Oil Price Decompositions
K7: a. 2022 Russia-Ukraine War | R7: b. 2026 Middle East War
K8: Forward-Looking | L8: Current | N8: Geopolitical | O8: Front-month | R8: Forward-Looking | S8: Current | U8: Geopolitical | V8: Front-month
J9: Date | K9: Demand | L9: Demand | M9: Supply | N9: Supply Risk | O9: price | Q9: Date | R9: Demand | S9: Demand | T9: Supply | U9: Supply Risk | V9: price
J10: 44510 | K10: 0 | L10: 0 | M10: 0 | N10: 0 | O10: 0 | Q10: 46024 | R10: 0 | S10: 0 | T10: 0 | U10: 0 | V10: 0
J11: 44511 | K11: -0.06 | L11: -0.321 | M11: -0.079 | N11: -0.737 | O11: -1.253 | Q11: 46027 | R11: 1.453 | S11: 0.677 | T11: -0.215 | U11: 1.241 | V11: 3.064
J12: 44512 | K12: -0.249 | L12: -0.618 | M12: -0.286 | N12: -0.446 | O12: -1.717 | Q12: 46028 | R12: 1.178 | S12: 1.126 | T12: -1.308 | U12: 1.581 | V12: 2.715
J13: 44515 | K13: 0.233 | L13: -2.624 | M13: -0.88 | N13: 0.38 | O13: -2.813 | Q13: 46029 | R13: 0.195 | S13: 0.431 | T13: -1.417 | U13: 1.714 | V13: 1.086
J14: 44516 | K14: 0.118 | L14: -2.093 | M14: -0.566 | N14: 0.539 | O14: -1.68 | Q14: 46030 | R14: 0.404 | S14: -0.037 | T14: 0.826 | U14: 2.069 | V14: 3.018
J15: 44517 | K15: -1.696 | L15: -1.228 | M15: -0.61 | N15: 0.585 | O15: -2.715 | Q15: 46031 | R15: 1.326 | S15: 1.528 | T15: 1.715 | U15: 2.817 | V15: 6.613
J16: 44518 | K16: -1.118 | L16: -2.467 | M16: -0.575 | N16: 0.67 | O16: -2.945 | Q16: 46034 | R16: 1.744 | S16: 0.698 | T16: 2.167 | U16: 2.942 | V16: 6.849
J17: 44519 | K17: -1.83 | L17: -2.845 | M17: -1.501 | N17: 0.571 | O17: -5.514 | Q17: 46035 | R17: 2.074 | S17: 2.519 | T17: 3.604 | U17: 4.057 | V17: 10.902
J18: 44522 | K18: -1.946 | L18: -2.105 | M18: -0.972 | N18: 0.471 | O18: -4.148 | Q18: 46036 | R18: 2.452 | S18: 2.178 | T18: 4.587 | U18: 3.46 | V18: 11.425
J19: 44523 | K19: -0.54 | L19: -2.229 | M19: 0.052 | N19: 0.626 | O19: -1.572 | Q19: 46037 | R19: 1.285 | S19: 1.373 | T19: 3.362 | U19: 2.675 | V19: 7.555
J20: 44524 | K20: -0.53 | L20: -1.848 | M20: 0.273 | N20: 0.331 | O20: -1.568 | Q20: 46038 | R20: 0.719 | S20: 1.733 | T20: 3.926 | U20: 4.408 | V20: 9.325
J21: 44526 | K21: -7.061 | L21: -2.757 | M21: -2.269 | N21: -0.75 | O21: -14.002 | Q21: 46041 | R21: 0.244 | S21: 2.53 | T21: 3.786 | U21: 3.434 | V21: 8.692
... J107: 44651 | K107: 6.355 | L107: -16.815 | M107: 7.801 | N107: 20.02 | O107: 25.833 | Q107: 46162 | R107: 8.015 | S107: 15.044 | T107: 16.257 | U107: 13.773 | V107: 57.709
Q108: 46163 | R108: 7.981 | S108: 15.701 | T108: 15.666 | U108: 13.933 | V108: 58.184
Q109: 46164 | R109: 8.273 | S109: 14.285 | T109: 15.327 | U109: 13.286 | V109: 55.513
Q110: 46167 | R110: 7.239 | S110: 15.607 | T110: 14.152 | U110: 13.708 | V110: 55.513
Q111: 46168 | R111: 8.04 | S111: 12.669 | T111: 14.329 | U111: 13.006 | V111: 51.813
Q112: 46169 | R112: 8.322 | S112: 10.078 | T112: 13.692 | U112: 12.12 | V112: 47.265
Q113: 46170 | R113: 9.657 | S113: 7.653 | T113: 13.898 | U113: 11.152 | V113: 45.249
Q114: 46171 | R114: 10.387 | S114: 5.213 | T114: 12.697 | U114: 10.79 | V114: 42.12
J116: 2. Natural Gas Price Decompositions
K118: a. 2022 Russia-Ukraine War | R118: b. 2026 Middle East War
K119: Forward-Looking | L119: Current | N119: Geopolitical | O119: Front-month | R119: Forward-Looking | S119: Current | U119: Geopolitical | V119: Front-month
J120: Date | K120: Demand | L120: Demand | M120: Supply | N120: Supply Risk | O120: price | Q120: Date | R120: Demand | S120: Demand | T120: Supply | U120: Supply Risk | V120: price
J121: 44510 | K121: 0 | L121: 0 | M121: 0 | N121: 0 | O121: 0 | Q121: 46024 | R121: 0 | S121: 0 | T121: 0 | U121: 0 | V121: 0
J122: 44511 | K122: 2.683 | L122: 4.181 | M122: 2.276 | N122: 0.184 | O122: 13.924 | Q122: 46027 | R122: -0.912 | S122: -2.854 | T122: -2.567 | U122: -1.447 | V122: -13.166
J123: 44512 | K123: 2.92 | L123: 1.859 | M123: 0.121 | N123: 0.392 | O123: 9.35 | Q123: 46028 | R123: -0.618 | S123: -0.851 | T123: -0.631 | U123: 0.225 | V123: -3.021
J124: 44515 | K124: 0.92 | L124: 0.697 | M124: -0.373 | N124: 3.391 | O124: 10.136 | Q124: 46029 | R124: -0.636 | S124: -0.207 | T124: 0.603 | U124: 1.482 | V124: -0.199
J125: 44516 | K125: 5.811 | L125: 6.12 | M125: 6.082 | N125: 5.884 | O125: 38.736 | Q125: 46030 | R125: -1.916 | S125: -1.747 | T125: -1.509 | U125: 1.092 | V125: -8.013
J126: 44517 | K126: 5.662 | L126: 5.379 | M126: 3.709 | N126: 4.291 | O126: 30.9 | Q126: 46031 | R126: -0.274 | S126: -1.328 | T126: -1.388 | U126: 1.574 | V126: -2.845
J127: 44518 | K127: 5.14 | L127: 4.959 | M127: 5.122 | N127: 5.255 | O127: 32.755 | Q127: 46034 | R127: 2.68 | S127: 0.382 | T127: 0.496 | U127: 7.612 | V127: 17.794
J128: 44519 | K128: 2.166 | L128: 2.429 | M128: 1.416 | N128: 2.756 | O128: 15.042 | Q128: 46035 | R128: 1.49 | S128: 0.479 | T128: -0.181 | U128: 5.282 | V128: 9.433
J129: 44522 | K129: 0.851 | L129: 1.695 | M129: 1.041 | N129: 0.959 | O129: 6.934 | Q129: 46036 | R129: 2.034 | S129: 0.722 | T129: 0.483 | U129: 4.905 | V129: 10.612
J130: 44523 | K130: 4.707 | L130: 5.203 | M130: 4.679 | N130: 3.624 | O130: 27.971 | Q130: 46037 | R130: 3.311 | S130: 4.067 | T130: 3.443 | U130: 6.994 | V130: 22.588
J131: 44524 | K131: 4.468 | L131: 6.666 | M131: 5.439 | N131: 2.738 | O131: 28.033 | Q131: 46038 | R131: 4.766 | S131: 6.717 | T131: 6.705 | U131: 13.313 | V131: 38.178
J132: 44526 | K132: 0.936 | L132: 5.838 | M132: 5.621 | N132: 1.163 | O132: 15.631 | Q132: 46041 | R132: 2.925 | S132: 5.517 | T132: 4.809 | U132: 7.6 | V132: 26.992
... J218: 44651 | K218: 8.344 | L218: 7.047 | M218: 15.604 | N218: 32.335 | O218: 80.544 | Q218: 46162 | R218: 2.536 | S218: 3.386 | T218: 8.964 | U218: 39.004 | V218: 61.852
Q219: 46163 | R219: 2.286 | S219: 3.67 | T219: 9.801 | U219: 40.823 | V219: 65.825
Q220: 46164 | R220: 2.965 | S220: 2.577 | T220: 7.989 | U220: 38.935 | V220: 62.802
Q221: 46167 | R221: 2.028 | S221: -0.722 | T221: 5.493 | U221: 38.195 | V221: 50.297
Q222: 46168 | R222: 2.683 | S222: 4.63 | T222: 10.017 | U222: 39.856 | V222: 65.44
Q223: 46169 | R223: 1.871 | S223: 2.829 | T223: 9.011 | U223: 39.259 | V223: 60.974
Q224: 46170 | R224: 2.082 | S224: 1.833 | T224: 7.521 | U224: 40.989 | V224: 60.951
Q225: 46171 | R225: 2.142 | S225: 1.79 | T225: 7.483 | U225: 41.122 | V225: 59.568
